Workbook

Sheet JPods Summary
A1: To Review Details, Contact Bill James, 612.414.4211 or bill.james@jpods.com
B2: Key assumptions and risks in the following JPods LaGuardia Proforma
P3: Freight Railroads | Q3: =ROUND($F$4*Q4,0) -> 0
B4: Grand Junction | P4: Demand Response | Q4: 4.1
P5: Bus, Transit | Q5: 13.9
P6: Personal trucks | Q6: 15
B7: Licensed by JPods, Inc. to own and operate a Local Mobility Company (LMC) | P7: Cars | Q7: 16.8
B8: a. | C8: See map to the right | P8: Air, domestic | Q8: 18.1
B9: b. | C9: Sindi Camp to Transport Nagar | P9: Rail, Commuter | Q9: 19.7
P10: Rail, Transit heavy | Q10: 21.2
B11: System Characteristics of Initial Network | P11: Rail, Amtrak | Q11: 22.3
B12: 1 | C12: JPods are ultra-light robotic vehicles that travel suspended from an over head rail. | P12: Motorcycles | Q12: 31.8
B13: 2 | C13: Solar collectors over the rails will gather about 40,000 vehicle-km of power per km per day | P13: Van pool | Q13: 44.7
B14: 3 | C14: Length is about 4.5 km in the first leg. To be expanded into a much larger mesh network. | P14: Standard | Q14: 62
B15: 4 | C15: Cost to build about $35 million. | P15: JPods | Q15: 136.4
B16: 5 | C16: Carry people and cargo on-demand, 24 x 7
B17: 6 | C17: http://www.jpods.com/jaipur
B18: 7 | C18: http://www.mbta.com/uploadedfiles/documents/2014%20BLUEBOOK%2014th%20Edition.pdf
E21: Exchange Rate | F21: 1 | R21: http://www.eia.gov/tools/faqs/faq.cfm?id=307&t=11
E22: Interest Rates | F22: Assets | G22: 0.06 | H22: Construction | I22: 0.08 | R22: 19.64
D23: Typical Trip in km | F23: 6 | P23: Freight Railroads | Q23: =ROUND($F$4*Q24,0) -> 0 | R23: 0.0063031831
D24: Ticket per km | F24: 0.4 | M24: Cost per Passenger-mile | P24: Demand Response | Q24: 8 | R24: 2.5
D25: Tickets per day | F25: 27391 | L25: Ferry | M25: 0.94 | P25: Bus, Transit | Q25: 27 | R25: 0.74074074
L26: Heavy Rail | M26: 0.52 | P26: Personal trucks | Q26: 29 | R26: 0.68965517
D27: Network Size | F27: km | G27: miles | L27: Commuter Rail | M27: 0.34 | P27: Cars | Q27: 32.6 | R27: 0.61349693
E28: Year 1 | F28: 24 | G28: =F28/1.6 -> 15 | L28: Light Rail | M28: 0.76 | P28: Air, domestic | Q28: 35.1 | R28: 0.56980057
E29: Year 2 | F29: 0 | G29: =F29/1.6 -> 0 | L29: Demand Response | M29: 2.76 | P29: Rail, Commuter | Q29: 38.2 | R29: 0.52356021
E30: Year 3 | F30: 0 | G30: =F30/1.6 -> 0 | L30: Bus | M30: 1.45 | P30: Rail, Transit heavy | Q30: 41.1 | R30: 0.486618
E31: Year 4 | F31: 0 | G31: =F31/1.6 -> 0 | L31: Trolly Bus | M31: 2.34 | P31: Rail, Amtrak | Q31: 43.2 | R31: 0.46296296
E32: Year 5 | F32: 0 | G32: =F32/1.6 -> 0 | L32: Car | M32: =ROUND(0.59/1.57,2) -> 0.38 | P32: Motorcycles | Q32: 61.7 | R32: 0.32414911
L33: JPods | M33: 0.03 | P33: Van pool | Q33: 86.6 | R33: 0.23094688
P34: Standard | Q34: 120 | R34: 0.16666667
P35: JPods | Q35: 264.4 | R35: 0
F51: weekly
E52: Red Line | F52: 272684 | G52: 0.25
E53: Orange Line | F53: 203406 | G53: 0.25
E54: Blue Line | F54: 63225 | G54: 0.25
E55: Green Line | F55: 227645 | G55: 0.25
F57: =SUM(F52:F55) -> 766960
F58: =ROUND(F57/7,0) -> 109566 | G58: 0.25 | H58: =G58*F58 -> 27391.5
F59: existing | H59: JPods

Sheet CashFlow
A1: Industry
C2: Category
C3: Operational
C4: Licensing
C5: Summary
C6: Facility/Structural
G7: Sep | H7: Oct | I7: Nov | J7: Dec | K7: Jan | L7: Feb | M7: Mar | N7: Apr | O7: May | P7: Jun | Q7: Jul | R7: Aug | S7: Totals
A8: People | G8: =G26 -> 139.2 | H8: =H26 -> 139.2 | I8: =I26 -> 139.2 | J8: =J26 -> 139.2 | K8: =K26 -> 139.2 | L8: =L26 -> 139.2 | M8: =M26 -> 139.2 | N8: =N26 -> 139.2 | ... R8: =R26 -> 139.2 | V8: Yearly Pay Avg | X8: 1st 5 mon
C9: Ramp
B11: Management | G11: =$D$125*ROUND($D$119/5,1)*ROUND('JPods Summary'!$F$28/5,1) -> 4.8 | H11: =$D$125*ROUND($D$119/5,1)*ROUND('JPods Summary'!$F$28/5,1) -> 4.8 | I11: =$D$125*ROUND($D$119/5,1)*ROUND('JPods Summary'!$F$28/5,1) -> 4.8 | J11: =$D$125*ROUND($D$119/5,1)*ROUND('JPods Summary'!$F$28/5,1) -> 4.8 | K11: =$D$125*ROUND($D$119/5,1)*ROUND('JPods Summary'!$F$28/5,1) -> 4.8 | L11: =$D$125*ROUND($D$119/5,1)*ROUND('JPods Summary'!$F$28/5,1) -> 4.8 | M11: =$D$125*ROUND($D$119/5,1)*ROUND('JPods Summary'!$F$28/5,1) -> 4.8 | N11: =$D$125*ROUND($D$119/5,1)*ROUND('JPods Summary'!$F$28/5,1) -> 4.8 | ... R11: =$D$125*ROUND($D$119/5,1)*ROUND('JPods Summary'!$F$28/5,1) -> 4.8 | S11: =AVERAGE(G11:R11) -> 4.8 | V11: =SUM(G11:R11)/12 -> 4.8 | X11: =SUM(G11:K11)/5 -> 4.8
G12: =(G11*$P$120) -> 21117.888 | H12: =(H11*$P$125)+(IF(G$112>0,G$112*$H$125,0))+(IF(G$112>0,G$112*$I$125,0))+IF(G$117>5,IF(G$112>0,G$112*$J$125,MAX(G$112*G11*$K$125,$M$125*G11))) -> 63360 | I12: =(I11*$P$125)+(IF(H$112>0,H$112*$H$125,0))+(IF(H$112>0,H$112*$I$125,0))+IF(H$117>5,IF(H$112>0,H$112*$J$125,MAX(H$112*H11*$K$125,$M$125*H11))) -> 63360 | J12: =(J11*$P$125)+(IF(I$112>0,I$112*$H$125,0))+(IF(I$112>0,I$112*$I$125,0))+IF(I$117>5,IF(I$112>0,I$112*$J$125,MAX(I$112*I11*$K$125,$M$125*I11))) -> 63360 | K12: =(K11*$P$125)+(IF(J$112>0,J$112*$H$125,0))+(IF(J$112>0,J$112*$I$125,0))+IF(J$117>5,IF(J$112>0,J$112*$J$125,MAX(J$112*J11*$K$125,$M$125*J11))) -> 63360 | L12: =(L11*$P$125)+(IF(K$112>0,K$112*$H$125,0))+(IF(K$112>0,K$112*$I$125,0))+IF(K$117>5,IF(K$112>0,K$112*$J$125,MAX(K$112*K11*$K$125,$M$125*K11))) -> 88398.753 | M12: =(M11*$P$125)+(IF(L$112>0,L$112*$H$125,0))+(IF(L$112>0,L$112*$I$125,0))+IF(L$117>5,IF(L$112>0,L$112*$J$125,MAX(L$112*L11*$K$125,$M$125*L11))) -> 378968.37 | N12: =(N11*$P$125)+(IF(M$112>0,M$112*$H$125,0))+(IF(M$112>0,M$112*$I$125,0))+IF(M$117>5,IF(M$112>0,M$112*$J$125,MAX(M$112*M11*$K$125,$M$125*M11))) -> 387772.4 | O12: =(O11*$P$125)+(IF(N$112>0,N$112*$H$125,0))+(IF(N$112>0,N$112*$I$125,0))+IF(N$117>5,IF(N$112>0,N$112*$J$125,MAX(N$112*N11*$K$125,$M$125*N11))) -> 387244.21 | ... R12: =(R11*$P$125)+(IF(Q$112>0,Q$112*$H$125,0))+(IF(Q$112>0,Q$112*$I$125,0))+IF(Q$117>5,IF(Q$112>0,Q$112*$J$125,MAX(Q$112*Q11*$K$125,$M$125*Q11))) -> 359906.93 | S12: =SUM(G12:R12) -> 2578708.9 | W12: =S12/V11 -> 537231.01 | Y12: =T12/X11/5*12 -> 0
B13: Admin | G13: =$D$120*ROUND($D$119/5,1)*ROUND('JPods Summary'!$F$28/5,1) -> 9.6 | H13: =$D$120*ROUND($D$119/5,1)*ROUND('JPods Summary'!$F$28/5,1) -> 9.6 | I13: =$D$120*ROUND($D$119/5,1)*ROUND('JPods Summary'!$F$28/5,1) -> 9.6 | J13: =$D$120*ROUND($D$119/5,1)*ROUND('JPods Summary'!$F$28/5,1) -> 9.6 | K13: =$D$120*ROUND($D$119/5,1)*ROUND('JPods Summary'!$F$28/5,1) -> 9.6 | L13: =$D$120*ROUND($D$119/5,1)*ROUND('JPods Summary'!$F$28/5,1) -> 9.6 | M13: =$D$120*ROUND($D$119/5,1)*ROUND('JPods Summary'!$F$28/5,1) -> 9.6 | N13: =$D$120*ROUND($D$119/5,1)*ROUND('JPods Summary'!$F$28/5,1) -> 9.6 | ... R13: =$D$120*ROUND($D$119/5,1)*ROUND('JPods Summary'!$F$28/5,1) -> 9.6 | S13: =AVERAGE(G13:R13) -> 9.6 | V13: =SUM(G13:R13)/12 -> 9.6 | X13: =SUM(G13:K13)/5 -> 9.6
G14: =(G13*$P$120) -> 42235.776 | H14: =(H13*$P$120)+(IF(G$112>0,G$112*$H$120,0))+(IF(G$112>0,G$112*$I$120,0))+IF(G$117>5,IF(G$112>0,G$112*$J$120,MAX(G$112*G13*$K$120,$M$120*G13))) -> 42235.776 | I14: =(I13*$P$120)+(IF(H$112>0,H$112*$H$120,0))+(IF(H$112>0,H$112*$I$120,0))+IF(H$117>5,IF(H$112>0,H$112*$J$120,MAX(H$112*H13*$K$120,$M$120*H13))) -> 42235.776 | J14: =(J13*$P$120)+(IF(I$112>0,I$112*$H$120,0))+(IF(I$112>0,I$112*$I$120,0))+IF(I$117>5,IF(I$112>0,I$112*$J$120,MAX(I$112*I13*$K$120,$M$120*I13))) -> 42235.776 | K14: =(K13*$P$120)+(IF(J$112>0,J$112*$H$120,0))+(IF(J$112>0,J$112*$I$120,0))+IF(J$117>5,IF(J$112>0,J$112*$J$120,MAX(J$112*J13*$K$120,$M$120*J13))) -> 42235.776 | L14: =(L13*$P$120)+(IF(K$112>0,K$112*$H$120,0))+(IF(K$112>0,K$112*$I$120,0))+IF(K$117>5,IF(K$112>0,K$112*$J$120,MAX(K$112*K13*$K$120,$M$120*K13))) -> 67274.529 | M14: =(M13*$P$120)+(IF(L$112>0,L$112*$H$120,0))+(IF(L$112>0,L$112*$I$120,0))+IF(L$117>5,IF(L$112>0,L$112*$J$120,MAX(L$112*L13*$K$120,$M$120*L13))) -> 357844.14 | N14: =(N13*$P$120)+(IF(M$112>0,M$112*$H$120,0))+(IF(M$112>0,M$112*$I$120,0))+IF(M$117>5,IF(M$112>0,M$112*$J$120,MAX(M$112*M13*$K$120,$M$120*M13))) -> 366648.18 | O14: =(O13*$P$120)+(IF(N$112>0,N$112*$H$120,0))+(IF(N$112>0,N$112*$I$120,0))+IF(N$117>5,IF(N$112>0,N$112*$J$120,MAX(N$112*N13*$K$120,$M$120*N13))) -> 366119.99 | ... R14: =(R13*$P$120)+(IF(Q$112>0,Q$112*$H$120,0))+(IF(Q$112>0,Q$112*$I$120,0))+IF(Q$117>5,IF(Q$112>0,Q$112*$J$120,MAX(Q$112*Q13*$K$120,$M$120*Q13))) -> 338782.71 | S14: =SUM(G14:R14) -> 2367460.3 | W14: =S14/V13 -> 246610.45 | Y14: =T14/X13/5*12 -> 0
B15: Acct/Purchase/Finance | G15: =$D$121*ROUND($D$119/5,1)*ROUND('JPods Summary'!$F$28/5,1) -> 9.6 | H15: =$D$121*ROUND($D$119/5,1)*ROUND('JPods Summary'!$F$28/5,1) -> 9.6 | I15: =$D$121*ROUND($D$119/5,1)*ROUND('JPods Summary'!$F$28/5,1) -> 9.6 | J15: =$D$121*ROUND($D$119/5,1)*ROUND('JPods Summary'!$F$28/5,1) -> 9.6 | K15: =$D$121*ROUND($D$119/5,1)*ROUND('JPods Summary'!$F$28/5,1) -> 9.6 | L15: =$D$121*ROUND($D$119/5,1)*ROUND('JPods Summary'!$F$28/5,1) -> 9.6 | M15: =$D$121*ROUND($D$119/5,1)*ROUND('JPods Summary'!$F$28/5,1) -> 9.6 | N15: =$D$121*ROUND($D$119/5,1)*ROUND('JPods Summary'!$F$28/5,1) -> 9.6 | ... R15: =$D$121*ROUND($D$119/5,1)*ROUND('JPods Summary'!$F$28/5,1) -> 9.6 | S15: =AVERAGE(G15:R15) -> 9.6 | V15: =SUM(G15:R15)/12 -> 9.6 | X15: =SUM(G15:K15)/5 -> 9.6
G16: =(G15*$P$121) -> 79200 | H16: =(H15*$P$121)+(IF(G$112>0,G$112*$H$121,0))+(IF(G$112>0,G$112*$I$121,0))+IF(G$117>5,IF(G$112>0,G$112*$J$121,MAX(G$112*G15*$K$121,$M$121*G15))) -> 79200 | I16: =(I15*$P$121)+(IF(H$112>0,H$112*$H$121,0))+(IF(H$112>0,H$112*$I$121,0))+IF(H$117>5,IF(H$112>0,H$112*$J$121,MAX(H$112*H15*$K$121,$M$121*H15))) -> 79200 | J16: =(J15*$P$121)+(IF(I$112>0,I$112*$H$121,0))+(IF(I$112>0,I$112*$I$121,0))+IF(I$117>5,IF(I$112>0,I$112*$J$121,MAX(I$112*I15*$K$121,$M$121*I15))) -> 79200 | K16: =(K15*$P$121)+(IF(J$112>0,J$112*$H$121,0))+(IF(J$112>0,J$112*$I$121,0))+IF(J$117>5,IF(J$112>0,J$112*$J$121,MAX(J$112*J15*$K$121,$M$121*J15))) -> 79200 | L16: =(L15*$P$121)+(IF(K$112>0,K$112*$H$121,0))+(IF(K$112>0,K$112*$I$121,0))+IF(K$117>5,IF(K$112>0,K$112*$J$121,MAX(K$112*K15*$K$121,$M$121*K15))) -> 104238.75 | M16: =(M15*$P$121)+(IF(L$112>0,L$112*$H$121,0))+(IF(L$112>0,L$112*$I$121,0))+IF(L$117>5,IF(L$112>0,L$112*$J$121,MAX(L$112*L15*$K$121,$M$121*L15))) -> 394808.37 | N16: =(N15*$P$121)+(IF(M$112>0,M$112*$H$121,0))+(IF(M$112>0,M$112*$I$121,0))+IF(M$117>5,IF(M$112>0,M$112*$J$121,MAX(M$112*M15*$K$121,$M$121*M15))) -> 403612.4 | O16: =(O15*$P$121)+(IF(N$112>0,N$112*$H$121,0))+(IF(N$112>0,N$112*$I$121,0))+IF(N$117>5,IF(N$112>0,N$112*$J$121,MAX(N$112*N15*$K$121,$M$121*N15))) -> 403084.21 | ... R16: =(R15*$P$121)+(IF(Q$112>0,Q$112*$H$121,0))+(IF(Q$112>0,Q$112*$I$121,0))+IF(Q$117>5,IF(Q$112>0,Q$112*$J$121,MAX(Q$112*Q15*$K$121,$M$121*Q15))) -> 375746.93 | S16: =SUM(G16:R16) -> 2811031 | W16: =S16/V15 -> 292815.73 | Y16: =T16/X15/5*12 -> 0
B17: Engineering | G17: =$D$122*ROUND($D$119/5,1)*ROUND('JPods Summary'!$F$28/5,1) -> 28.8 | H17: =$D$122*ROUND($D$119/5,1)*ROUND('JPods Summary'!$F$28/5,1) -> 28.8 | I17: =$D$122*ROUND($D$119/5,1)*ROUND('JPods Summary'!$F$28/5,1) -> 28.8 | J17: =$D$122*ROUND($D$119/5,1)*ROUND('JPods Summary'!$F$28/5,1) -> 28.8 | K17: =$D$122*ROUND($D$119/5,1)*ROUND('JPods Summary'!$F$28/5,1) -> 28.8 | L17: =$D$122*ROUND($D$119/5,1)*ROUND('JPods Summary'!$F$28/5,1) -> 28.8 | M17: =$D$122*ROUND($D$119/5,1)*ROUND('JPods Summary'!$F$28/5,1) -> 28.8 | N17: =$D$122*ROUND($D$119/5,1)*ROUND('JPods Summary'!$F$28/5,1) -> 28.8 | ... R17: =$D$122*ROUND($D$119/5,1)*ROUND('JPods Summary'!$F$28/5,1) -> 28.8 | S17: =AVERAGE(G17:R17) -> 28.8 | V17: =SUM(G17:R17)/12 -> 28.8 | X17: =SUM(G17:K17)/5 -> 28.8
G18: =(G17*$P$122) -> 380160 | H18: =(H17*$P$122)+(IF(G$112>0,G$112*$H$122,0))+(IF(G$112>0,G$112*$I$122,0))+IF(G$117>5,IF(G$112>0,G$112*$J$122,MAX(G$112*G17*$K$122,$M$122*G17))) -> 380160 | I18: =(I17*$P$122)+(IF(H$112>0,H$112*$H$122,0))+(IF(H$112>0,H$112*$I$122,0))+IF(H$117>5,IF(H$112>0,H$112*$J$122,MAX(H$112*H17*$K$122,$M$122*H17))) -> 380160 | J18: =(J17*$P$122)+(IF(I$112>0,I$112*$H$122,0))+(IF(I$112>0,I$112*$I$122,0))+IF(I$117>5,IF(I$112>0,I$112*$J$122,MAX(I$112*I17*$K$122,$M$122*I17))) -> 380160 | K18: =(K17*$P$122)+(IF(J$112>0,J$112*$H$122,0))+(IF(J$112>0,J$112*$I$122,0))+IF(J$117>5,IF(J$112>0,J$112*$J$122,MAX(J$112*J17*$K$122,$M$122*J17))) -> 380160 | L18: =(L17*$P$122)+(IF(K$112>0,K$112*$H$122,0))+(IF(K$112>0,K$112*$I$122,0))+IF(K$117>5,IF(K$112>0,K$112*$J$122,MAX(K$112*K17*$K$122,$M$122*K17))) -> 405198.75 | M18: =(M17*$P$122)+(IF(L$112>0,L$112*$H$122,0))+(IF(L$112>0,L$112*$I$122,0))+IF(L$117>5,IF(L$112>0,L$112*$J$122,MAX(L$112*L17*$K$122,$M$122*L17))) -> 695768.37 | N18: =(N17*$P$122)+(IF(M$112>0,M$112*$H$122,0))+(IF(M$112>0,M$112*$I$122,0))+IF(M$117>5,IF(M$112>0,M$112*$J$122,MAX(M$112*M17*$K$122,$M$122*M17))) -> 704572.4 | O18: =(O17*$P$122)+(IF(N$112>0,N$112*$H$122,0))+(IF(N$112>0,N$112*$I$122,0))+IF(N$117>5,IF(N$112>0,N$112*$J$122,MAX(N$112*N17*$K$122,$M$122*N17))) -> 704044.21 | ... R18: =(R17*$P$122)+(IF(Q$112>0,Q$112*$H$122,0))+(IF(Q$112>0,Q$112*$I$122,0))+IF(Q$117>5,IF(Q$112>0,Q$112*$J$122,MAX(Q$112*Q17*$K$122,$M$122*Q17))) -> 676706.93 | S18: =SUM(G18:R18) -> 6422551 | W18: =S18/V17 -> 223005.24 | Y18: =T18/X17/5*12 -> 0
B19: Maintenance | G19: =$D$123*ROUND($D$119/5,1)*ROUND('JPods Summary'!$F$28/5,1) -> 28.8 | H19: =$D$123*ROUND($D$119/5,1)*ROUND('JPods Summary'!$F$28/5,1) -> 28.8 | I19: =$D$123*ROUND($D$119/5,1)*ROUND('JPods Summary'!$F$28/5,1) -> 28.8 | J19: =$D$123*ROUND($D$119/5,1)*ROUND('JPods Summary'!$F$28/5,1) -> 28.8 | K19: =$D$123*ROUND($D$119/5,1)*ROUND('JPods Summary'!$F$28/5,1) -> 28.8 | L19: =$D$123*ROUND($D$119/5,1)*ROUND('JPods Summary'!$F$28/5,1) -> 28.8 | M19: =$D$123*ROUND($D$119/5,1)*ROUND('JPods Summary'!$F$28/5,1) -> 28.8 | N19: =$D$123*ROUND($D$119/5,1)*ROUND('JPods Summary'!$F$28/5,1) -> 28.8 | ... R19: =$D$123*ROUND($D$119/5,1)*ROUND('JPods Summary'!$F$28/5,1) -> 28.8 | S19: =AVERAGE(G19:R19) -> 28.8 | V19: =SUM(G19:R19)/12 -> 28.8 | X19: =SUM(G19:K19)/5 -> 28.8
G20: =G19*$P$123 -> 237600 | H20: =(H19*$P$123)+(IF(G$112>0,G$112*$H$123,0))+((IF(G$112>0,G$112*$I$123,0))+IF(G$117>5,IF(G$111>0,G$112*$J$123,MAX(G$112*G19*$K$123,$M$120*G19)))) -> 237600 | I20: =(I19*$P$123)+(IF(H$112>0,H$112*$H$123,0))+((IF(H$112>0,H$112*$I$123,0))+IF(H$117>5,IF(H$111>0,H$112*$J$123,MAX(H$112*H19*$K$123,$M$120*H19)))) -> 237600 | J20: =(J19*$P$123)+(IF(I$112>0,I$112*$H$123,0))+((IF(I$112>0,I$112*$I$123,0))+IF(I$117>5,IF(I$111>0,I$112*$J$123,MAX(I$112*I19*$K$123,$M$120*I19)))) -> 237600 | K20: =(K19*$P$123)+(IF(J$112>0,J$112*$H$123,0))+((IF(J$112>0,J$112*$I$123,0))+IF(J$117>5,IF(J$111>0,J$112*$J$123,MAX(J$112*J19*$K$123,$M$120*J19)))) -> 237600 | L20: =(L19*$P$123)+(IF(K$112>0,K$112*$H$123,0))+((IF(K$112>0,K$112*$I$123,0))+IF(K$117>5,IF(K$111>0,K$112*$J$123,MAX(K$112*K19*$K$123,$M$120*K19)))) -> 262638.75 | M20: =(M19*$P$123)+(IF(L$112>0,L$112*$H$123,0))+((IF(L$112>0,L$112*$I$123,0))+IF(L$117>5,IF(L$111>0,L$112*$J$123,MAX(L$112*L19*$K$123,$M$120*L19)))) -> 553208.37 | N20: =(N19*$P$123)+(IF(M$112>0,M$112*$H$123,0))+((IF(M$112>0,M$112*$I$123,0))+IF(M$117>5,IF(M$111>0,M$112*$J$123,MAX(M$112*M19*$K$123,$M$120*M19)))) -> 562012.4 | O20: =(O19*$P$123)+(IF(N$112>0,N$112*$H$123,0))+((IF(N$112>0,N$112*$I$123,0))+IF(N$117>5,IF(N$111>0,N$112*$J$123,MAX(N$112*N19*$K$123,$M$120*N19)))) -> 561484.21 | ... R20: =(R19*$P$123)+(IF(Q$112>0,Q$112*$H$123,0))+((IF(Q$112>0,Q$112*$I$123,0))+IF(Q$117>5,IF(Q$111>0,Q$112*$J$123,MAX(Q$112*Q19*$K$123,$M$120*Q19)))) -> 534146.93 | S20: =SUM(G20:R20) -> 4711831 | W20: =S20/V19 -> 163605.24 | Y20: =T20/X19/5*12 -> 0
B21: Operations | G21: =$D$126*ROUND($D$119/5,1)*ROUND('JPods Summary'!$F$28/5,1) -> 57.6 | H21: =$D$126*ROUND($D$119/5,1)*ROUND('JPods Summary'!$F$28/5,1) -> 57.6 | I21: =$D$126*ROUND($D$119/5,1)*ROUND('JPods Summary'!$F$28/5,1) -> 57.6 | J21: =$D$126*ROUND($D$119/5,1)*ROUND('JPods Summary'!$F$28/5,1) -> 57.6 | K21: =$D$126*ROUND($D$119/5,1)*ROUND('JPods Summary'!$F$28/5,1) -> 57.6 | L21: =$D$126*ROUND($D$119/5,1)*ROUND('JPods Summary'!$F$28/5,1) -> 57.6 | M21: =$D$126*ROUND($D$119/5,1)*ROUND('JPods Summary'!$F$28/5,1) -> 57.6 | N21: =$D$126*ROUND($D$119/5,1)*ROUND('JPods Summary'!$F$28/5,1) -> 57.6 | ... R21: =$D$126*ROUND($D$119/5,1)*ROUND('JPods Summary'!$F$28/5,1) -> 57.6 | S21: =AVERAGE(G21:R21) -> 57.6 | V21: =SUM(G21:R21)/12 -> 57.6 | X21: =SUM(G21:K21)/5 -> 57.6
G22: =G21*$P$126 -> 253414.66 | H22: =(H21*$P$126)+(IF(G$112>0,G$112*$H$126,0))+(IF(G$112>0,G$112*$I$126,1))+IF(G$117>5,IF(G$112>0,G$112*$J$126,MAX(G$112*G21*$K$126,$M$126*G21))) -> 253415.66 | I22: =(I21*$P$126)+(IF(H$112>0,H$112*$H$126,0))+(IF(H$112>0,H$112*$I$126,1))+IF(H$117>5,IF(H$112>0,H$112*$J$126,MAX(H$112*H21*$K$126,$M$126*H21))) -> 253415.66 | J22: =(J21*$P$126)+(IF(I$112>0,I$112*$H$126,0))+(IF(I$112>0,I$112*$I$126,1))+IF(I$117>5,IF(I$112>0,I$112*$J$126,MAX(I$112*I21*$K$126,$M$126*I21))) -> 253415.66 | K22: =(K21*$P$126)+(IF(J$112>0,J$112*$H$126,0))+(IF(J$112>0,J$112*$I$126,1))+IF(J$117>5,IF(J$112>0,J$112*$J$126,MAX(J$112*J21*$K$126,$M$126*J21))) -> 253415.66 | L22: =(L21*$P$126)+(IF(K$112>0,K$112*$H$126,0))+(IF(K$112>0,K$112*$I$126,1))+IF(K$117>5,IF(K$112>0,K$112*$J$126,MAX(K$112*K21*$K$126,$M$126*K21))) -> 278453.41 | M22: =(M21*$P$126)+(IF(L$112>0,L$112*$H$126,0))+(IF(L$112>0,L$112*$I$126,1))+IF(L$117>5,IF(L$112>0,L$112*$J$126,MAX(L$112*L21*$K$126,$M$126*L21))) -> 569023.02 | N22: =(N21*$P$126)+(IF(M$112>0,M$112*$H$126,0))+(IF(M$112>0,M$112*$I$126,1))+IF(M$117>5,IF(M$112>0,M$112*$J$126,MAX(M$112*M21*$K$126,$M$126*M21))) -> 577827.06 | O22: =(O21*$P$126)+(IF(N$112>0,N$112*$H$126,0))+(IF(N$112>0,N$112*$I$126,1))+IF(N$117>5,IF(N$112>0,N$112*$J$126,MAX(N$112*N21*$K$126,$M$126*N21))) -> 577298.87 | ... R22: =(R21*$P$126)+(IF(Q$112>0,Q$112*$H$126,0))+(IF(Q$112>0,Q$112*$I$126,1))+IF(Q$117>5,IF(Q$112>0,Q$112*$J$126,MAX(Q$112*Q21*$K$126,$M$126*Q21))) -> 549961.59 | S22: =SUM(G22:R22) -> 4901610.8 | W22: =S22/V21 -> 85097.411 | Y22: =T22/X21/5*12 -> 0
B23: Mail Order | G23: =$D$124*ROUND($D$119/5,1)*ROUND('JPods Summary'!$F$28/5,1) -> 3.84 | H23: =$D$124*ROUND($D$119/5,1)*ROUND('JPods Summary'!$F$28/5,1) -> 3.84 | I23: =$D$124*ROUND($D$119/5,1)*ROUND('JPods Summary'!$F$28/5,1) -> 3.84 | J23: =$D$124*ROUND($D$119/5,1)*ROUND('JPods Summary'!$F$28/5,1) -> 3.84 | K23: =$D$124*ROUND($D$119/5,1)*ROUND('JPods Summary'!$F$28/5,1) -> 3.84 | L23: =$D$124*ROUND($D$119/5,1)*ROUND('JPods Summary'!$F$28/5,1) -> 3.84 | M23: =$D$124*ROUND($D$119/5,1)*ROUND('JPods Summary'!$F$28/5,1) -> 3.84 | N23: =$D$124*ROUND($D$119/5,1)*ROUND('JPods Summary'!$F$28/5,1) -> 3.84 | ... R23: =$D$124*ROUND($D$119/5,1)*ROUND('JPods Summary'!$F$28/5,1) -> 3.84 | S23: =AVERAGE(G23:R23) -> 3.84 | V23: =SUM(G23:R23)/12 -> 3.84 | X23: =SUM(G23:K23)/5 -> 3.84
G24: =(G23*$P$120) -> 16894.31 | H24: =(H23*$P$120)+(IF(G$112>0,G$112*$H$120,1))+(IF(G$112>0,G$112*$I$120,0))+IF(G$117>5,IF(G$112>0,G$112*$J$120,MAX(G$112*G23*$K$120,$M$120*G23))) -> 16895.31 | I24: =(I23*$P$120)+(IF(H$112>0,H$112*$H$120,1))+(IF(H$112>0,H$112*$I$120,0))+IF(H$117>5,IF(H$112>0,H$112*$J$120,MAX(H$112*H23*$K$120,$M$120*H23))) -> 16895.31 | J24: =(J23*$P$120)+(IF(I$112>0,I$112*$H$120,1))+(IF(I$112>0,I$112*$I$120,0))+IF(I$117>5,IF(I$112>0,I$112*$J$120,MAX(I$112*I23*$K$120,$M$120*I23))) -> 16895.31 | K24: =(K23*$P$120)+(IF(J$112>0,J$112*$H$120,1))+(IF(J$112>0,J$112*$I$120,0))+IF(J$117>5,IF(J$112>0,J$112*$J$120,MAX(J$112*J23*$K$120,$M$120*J23))) -> 16895.31 | L24: =(L23*$P$120)+(IF(K$112>0,K$112*$H$120,1))+(IF(K$112>0,K$112*$I$120,0))+IF(K$117>5,IF(K$112>0,K$112*$J$120,MAX(K$112*K23*$K$120,$M$120*K23))) -> 41933.064 | M24: =(M23*$P$120)+(IF(L$112>0,L$112*$H$120,1))+(IF(L$112>0,L$112*$I$120,0))+IF(L$117>5,IF(L$112>0,L$112*$J$120,MAX(L$112*L23*$K$120,$M$120*L23))) -> 332502.68 | N24: =(N23*$P$120)+(IF(M$112>0,M$112*$H$120,1))+(IF(M$112>0,M$112*$I$120,0))+IF(M$117>5,IF(M$112>0,M$112*$J$120,MAX(M$112*M23*$K$120,$M$120*M23))) -> 341306.71 | O24: =(O23*$P$120)+(IF(N$112>0,N$112*$H$120,1))+(IF(N$112>0,N$112*$I$120,0))+IF(N$117>5,IF(N$112>0,N$112*$J$120,MAX(N$112*N23*$K$120,$M$120*N23))) -> 340778.52 | ... R24: =(R23*$P$120)+(IF(Q$112>0,Q$112*$H$120,1))+(IF(Q$112>0,Q$112*$I$120,0))+IF(Q$117>5,IF(Q$112>0,Q$112*$J$120,MAX(Q$112*Q23*$K$120,$M$120*Q23))) -> 313441.24 | S24: =SUM(G24:R24) -> 2063366.7 | W24: =S24/V23 -> 537335.08 | Y24: =T24/X23/5*12 -> 0
C25: Expenses People | G25: =G14+G16+G18+G19+G22 -> 755039.23 | H25: =H14+H16+H18+H19+H22 -> 755040.23 | I25: =I14+I16+I18+I19+I22 -> 755040.23 | J25: =J14+J16+J18+J19+J22 -> 755040.23 | K25: =K14+K16+K18+K19+K22 -> 755040.23 | L25: =L14+L16+L18+L19+L22 -> 855194.24 | M25: =M14+M16+M18+M19+M22 -> 2017472.7 | N25: =N14+N16+N18+N19+N22 -> 2052688.8 | ... R25: =R14+R16+R18+R19+R22 -> 1941227 | S25: =SUM(G25:R25) -> 16502999
C26: Head Count | G26: =G13+G15+G17+G19+G21+G11 -> 139.2 | H26: =H13+H15+H17+H19+H21+H11 -> 139.2 | I26: =I13+I15+I17+I19+I21+I11 -> 139.2 | J26: =J13+J15+J17+J19+J21+J11 -> 139.2 | K26: =K13+K15+K17+K19+K21+K11 -> 139.2 | L26: =L13+L15+L17+L19+L21+L11 -> 139.2 | M26: =M13+M15+M17+M19+M21+M11 -> 139.2 | N26: =N13+N15+N17+N19+N21+N11 -> 139.2 | ... R26: =R13+R15+R17+R19+R21+R11 -> 139.2 | X26: =SUM(X13:X22) -> 134.4
A28: Expenses
B29: Travel | D29: =$D$131*D139 -> 4000 | G29: =(G17+G11)*$D$29 -> 134400 | H29: =(H17+H11)*$D$29 -> 134400 | I29: =(I17+I11)*$D$29 -> 134400 | J29: =(J17+J11)*$D$29 -> 134400 | K29: =(K17+K11)*$D$29 -> 134400 | L29: =(L17+L11)*$D$29 -> 134400 | M29: =(M17+M11)*$D$29 -> 134400 | N29: =(N17+N11)*$D$29 -> 134400 | ... R29: =(R17+R11)*$D$29 -> 134400 | S29: =SUM(G29:R29) -> 1612800
B30: PR | D30: =$D$131*D140 -> 6000 | G30: =D30/12 -> 500 | H30: =E30/12 -> 0 | I30: =F30/12 -> 0 | J30: =G30/12 -> 41.666667 | K30: =H30/12 -> 0 | L30: =I30/12 -> 0 | M30: =J30/12 -> 3.4722222 | N30: =K30/12 -> 0 | ... R30: =O30/12 -> 0 | S30: =SUM(G30:R30) -> 545.42824
B31: Insurance | D31: =$D$131*D141 -> 350 | F31: hc | G31: =G8*$D$31 -> 48720 | H31: =H8*$D$31 -> 48720 | I31: =I8*$D$31 -> 48720 | J31: =J8*$D$31 -> 48720 | K31: =K8*$D$31 -> 48720 | L31: =L8*$D$31 -> 48720 | M31: =M8*$D$31 -> 48720 | N31: =N8*$D$31 -> 48720 | ... R31: =R8*$D$31 -> 48720 | S31: =SUM(G31:R31) -> 584640
B32: Vehicle | D32: =$D$131*D142 -> 300 | F32: 0.3 | G32: =G8*$D$32*$F$32 -> 12528 | H32: =H8*$D$32*$F$32 -> 12528 | I32: =I8*$D$32*$F$32 -> 12528 | J32: =J8*$D$32*$F$32 -> 12528 | K32: =K8*$D$32*$F$32 -> 12528 | L32: =L8*$D$32*$F$32 -> 12528 | M32: =M8*$D$32*$F$32 -> 12528 | N32: =N8*$D$32*$F$32 -> 12528 | ... R32: =R8*$D$32*$F$32 -> 12528 | S32: =SUM(G32:R32) -> 150336
B33: Consulting | D33: 0.1 | F33: =$D$131*F143 -> 200 | G33: =G26*$F$33*$D$33 -> 2784 | H33: =H26*$F$33*$D$33 -> 2784 | I33: =I26*$F$33*$D$33 -> 2784 | J33: =J26*$F$33*$D$33 -> 2784 | K33: =K26*$F$33*$D$33 -> 2784 | L33: =L26*$F$33*$D$33 -> 2784 | M33: =M26*$F$33*$D$33 -> 2784 | N33: =N26*$F$33*$D$33 -> 2784 | ... R33: =R26*$F$33*$D$33 -> 2784 | S33: =SUM(G33:R33) -> 33408
B34: Office Space | D34: 0.08 | F34: =$D$131*F144 -> 200 | G34: =G26*$F$34*$D$34 -> 2227.2 | H34: =H26*$F$34*$D$34 -> 2227.2 | I34: =I26*$F$34*$D$34 -> 2227.2 | J34: =J26*$F$34*$D$34 -> 2227.2 | K34: =K26*$F$34*$D$34 -> 2227.2 | L34: =L26*$F$34*$D$34 -> 2227.2 | M34: =M26*$F$34*$D$34 -> 2227.2 | N34: =N26*$F$34*$D$34 -> 2227.2 | ... R34: =R26*$F$34*$D$34 -> 2227.2 | S34: =SUM(G34:R34) -> 26726.4
B35: Utilities | D35: 0.1 | F35: rent | G35: =G34*$D$35 -> 222.72 | H35: =H34*$D$35 -> 222.72 | I35: =I34*$D$35 -> 222.72 | J35: =J34*$D$35 -> 222.72 | K35: =K34*$D$35 -> 222.72 | L35: =L34*$D$35 -> 222.72 | M35: =M34*$D$35 -> 222.72 | N35: =N34*$D$35 -> 222.72 | ... R35: =R34*$D$35 -> 222.72 | S35: =SUM(G35:R35) -> 2672.64
B36: Office Supplies | D36: =$D$131*D146 -> 50 | F36: hc | G36: =G26*$D$36 -> 6960 | H36: =H26*$D$36 -> 6960 | I36: =I26*$D$36 -> 6960 | J36: =J26*$D$36 -> 6960 | K36: =K26*$D$36 -> 6960 | L36: =L26*$D$36 -> 6960 | M36: =M26*$D$36 -> 6960 | N36: =N26*$D$36 -> 6960 | ... R36: =R26*$D$36 -> 6960 | S36: =SUM(G36:R36) -> 83520
B37: Equipment | D37: =$D$131*D147 -> 2800 | G37: =IF((G26-F26)>0,(G26-F26)*$D$37,0) -> 389760 | H37: =IF((H26-G26)>0,(H26-G26)*$D$37,0) -> 0 | I37: =IF((I26-H26)>0,(I26-H26)*$D$37,0) -> 0 | J37: =IF((J26-I26)>0,(J26-I26)*$D$37,0) -> 0 | K37: =IF((K26-J26)>0,(K26-J26)*$D$37,0) -> 0 | L37: =IF((L26-K26)>0,(L26-K26)*$D$37,0) -> 0 | M37: =IF((M26-L26)>0,(M26-L26)*$D$37,0) -> 0 | N37: =IF((N26-M26)>0,(N26-M26)*$D$37,0) -> 0 | ... R37: =IF((R26-Q26)>0,(R26-Q26)*$D$37,0) -> 0 | S37: =SUM(G37:R37) -> 389760
B38: Communications | D38: =$D$131*D148 -> 60 | G38: =G26*$D$38 -> 8352 | H38: =H26*$D$38 -> 8352 | I38: =I26*$D$38 -> 8352 | J38: =J26*$D$38 -> 8352 | K38: =K26*$D$38 -> 8352 | L38: =L26*$D$38 -> 8352 | M38: =M26*$D$38 -> 8352 | N38: =N26*$D$38 -> 8352 | ... R38: =R26*$D$38 -> 8352 | S38: =SUM(G38:R38) -> 100224
B40: Debt Service | D40: =D53*E40 -> 9484487.9 | E40: ='JPods Summary'!G22 -> 0.06 | G40: =$D$40/12 -> 790373.99 | H40: =$D$40/12 -> 790373.99 | I40: =$D$40/12 -> 790373.99 | J40: =$D$40/12 -> 790373.99 | K40: =$D$40/12 -> 790373.99 | L40: =$D$40/12 -> 790373.99 | M40: =$D$40/12 -> 790373.99 | N40: =$D$40/12 -> 790373.99 | ... R40: =$D$40/12 -> 790373.99 | S40: =SUM(G40:R40) -> 9484487.9
B41: Debt Repay Principle | D41: =D53/20 -> 7903739.9 | G41: =$D$41/12 -> 658644.99 | H41: =$D$41/12 -> 658644.99 | I41: =$D$41/12 -> 658644.99 | J41: =$D$41/12 -> 658644.99 | K41: =$D$41/12 -> 658644.99 | L41: =$D$41/12 -> 658644.99 | M41: =$D$41/12 -> 658644.99 | N41: =$D$41/12 -> 658644.99 | ... R41: =$D$41/12 -> 658644.99 | S41: =SUM(G41:R41) -> 7903739.9
C42: Expenses | G42: =SUM(G29:G41) -> 2055472.9 | H42: =SUM(H29:H41) -> 1665212.9 | I42: =SUM(I29:I41) -> 1665212.9 | J42: =SUM(J29:J41) -> 1665254.6 | K42: =SUM(K29:K41) -> 1665212.9 | L42: =SUM(L29:L41) -> 1665212.9 | M42: =SUM(M29:M41) -> 1665216.4 | N42: =SUM(N29:N41) -> 1665212.9 | ... R42: =SUM(R29:R41) -> 1665212.9 | S42: =SUM(G42:R42) -> 20372860
B44: Engineering | D44: =System!G49 -> 1250000 | G44: =D44 -> 1250000 | H44: 0 | I44: 0 | J44: 0 | K44: 0 | L44: 0 | M44: 0 | N44: 0 | O44: 0 | P44: 0 | Q44: 0 | R44: 0 | S44: =SUM(G44:R44) -> 1250000
B45: Control Systems | D45: =System!G35 -> 19741440 | G45: =D45/2 -> 9870720 | H45: =D45/2 -> 9870720 | I45: 0 | J45: 0 | K45: 0 | L45: 0 | M45: 0 | N45: 0 | O45: 0 | P45: 0 | Q45: 0 | R45: 0 | S45: =SUM(G45:R45) -> 19741440
B46: PowerRail | D46: =System!F40 -> 202661.14 | G46: =D46 -> 202661.14 | H46: 0 | I46: 0 | J46: 0 | K46: 0 | L46: 0 | M46: 0 | N46: 0 | O46: 0 | P46: 0 | Q46: 0 | R46: 0 | S46: =SUM(G46:R46) -> 202661.14
B47: Struction | D47: =System!G10 -> 45693248 | G47: =$D$47/12 -> 3807770.7 | H47: =$D$47/12 -> 3807770.7 | I47: =$D$47/12 -> 3807770.7 | J47: =$D$47/12 -> 3807770.7 | K47: =$D$47/12 -> 3807770.7 | L47: =$D$47/12 -> 3807770.7 | M47: =$D$47/12 -> 3807770.7 | N47: =$D$47/12 -> 3807770.7 | ... R47: =$D$47/12 -> 3807770.7 | S47: =SUM(G47:R47) -> 45693248
B48: Solar | D48: =System!F39 -> 53760000 | G48: 0 | H48: =$D$48/4 -> 13440000 | I48: =$D$48/4 -> 13440000 | J48: =$D$48/4 -> 13440000 | K48: =$D$48/4 -> 13440000 | L48: 0 | M48: 0 | N48: 0 | O48: 0 | P48: 0 | Q48: 0 | R48: 0 | S48: =SUM(G48:R48) -> 53760000
B49: Stations | D49: =System!G26 -> 14472000 | G49: =D49/2 -> 7236000 | H49: =D49/2 -> 7236000 | I49: 0 | J49: 0 | K49: 0 | L49: 0 | M49: 0 | N49: 0 | O49: 0 | P49: 0 | Q49: 0 | R49: 0 | S49: =SUM(G49:R49) -> 14472000
B50: Constuction | D50: =F50*D47 -> 9138649.6 | F50: 0.2 | G50: =D50/2 -> 4569324.8 | H50: =D50/2 -> 4569324.8 | I50: 0 | J50: 0 | K50: 0 | L50: 0 | M50: 0 | N50: 0 | O50: 0 | P50: 0 | Q50: 0 | R50: 0 | S50: =SUM(G50:R50) -> 9138649.6
B51: Vehicles | D51: =System!G17 -> 13816800 | G51: =D51/2 -> 6908400 | H51: =D51/2 -> 6908400 | I51: 0 | J51: 0 | K51: 0 | L51: 0 | M51: 0 | N51: 0 | O51: 0 | P51: 0 | Q51: 0 | R51: 0 | S51: =SUM(G51:R51) -> 13816800
C53: Facility Expense | D53: =S53 -> 1.580748e+08 | G53: =SUM(G44:G51) -> 33844877 | H53: =SUM(H44:H51) -> 45832215 | I53: =SUM(I44:I51) -> 17247771 | J53: =SUM(J44:J51) -> 17247771 | K53: =SUM(K44:K51) -> 17247771 | L53: =SUM(L44:L51) -> 3807770.7 | M53: =SUM(M44:M51) -> 3807770.7 | N53: =SUM(N44:N51) -> 3807770.7 | ... R53: =SUM(R44:R51) -> 3807770.7 | S53: =SUM(G53:R53) -> 1.580748e+08
I55: =H55+($D$34*H55) -> 0
G56: =G7 -> Sep | H56: =H7 -> Oct | I56: =I7 -> Nov | J56: =J7 -> Dec | K56: =K7 -> Jan | L56: =L7 -> Feb | M56: =M7 -> Mar | N56: =N7 -> Apr | ... R56: =R7 -> Aug | S56: Totals
A57: Sales | D57: Price
B58: Days of Operation | F58: People per trip | G58: 0 | H58: 0 | I58: 0 | J58: 0 | K58: 15 | L58: 30 | M58: 31 | N58: 31 | O58: 28 | P58: 31 | Q58: 30 | R58: 31
B59: Tickets | D59: =$D$131*D134*D133 -> 2.4 | E59: 35 | F59: 1 | G59: =G58*'JPods Summary'!$F$25 -> 0 | H59: =H58*'JPods Summary'!$F$25 -> 0 | I59: =I58*'JPods Summary'!$F$25 -> 0 | J59: =J58*'JPods Summary'!$F$25 -> 0 | K59: =K58*'JPods Summary'!$F$25 -> 410865 | L59: =L58*'JPods Summary'!$F$25 -> 821730 | M59: =M58*'JPods Summary'!$F$25 -> 849121 | N59: =N58*'JPods Summary'!$F$25 -> 849121 | ... R59: =R58*'JPods Summary'!$F$25 -> 849121 | S59: =SUM(G59:R59) -> 6217757
C60: $ | G60: =$D$59*G59 -> 0 | H60: =$D$59*H59 -> 0 | I60: =$D$59*I59*I58*$F$59 -> 0 | J60: =$D$59*J59*J58*$F$59 -> 0 | K60: =$D$59*K59*K58*$F$59 -> 14791140 | L60: =$D$59*L59*L58*$F$59 -> 59164560 | M60: =$D$59*M59*M58*$F$59 -> 63174602 | N60: =$D$59*N59*N58*$F$59 -> 63174602 | O60: =$D$59*O59*O58*$F$59 -> 51538906 | P60: =$D$59*P59*P58*$F$59 -> 63174602 | ... R60: =$D$59*R59*R58*$F$59 -> 63174602 | S60: =SUM(G60:R60) -> 4.3735758e+08
C61: Rigts of Way Costs | F61: 0.05 | G61: =$F$61*G60 -> 0 | H61: =$F$61*H60 -> 0 | I61: =$F$61*I60 -> 0 | J61: =$F$61*J60 -> 0 | K61: =$F$61*K60 -> 739557 | L61: =$F$61*L60 -> 2958228 | M61: =$F$61*M60 -> 3158730.1 | N61: =$F$61*N60 -> 3158730.1 | ... R61: =$F$61*R60 -> 3158730.1
C62: Compliance Fee | D62: 0.03 | F62: tsales | G62: =$D$62*G60 -> 0 | H62: =$D$62*H60 -> 0 | I62: =$D$62*I60 -> 0 | J62: =$D$62*J60 -> 0 | K62: =$D$62*K60 -> 443734.2 | L62: =$D$62*L60 -> 1774936.8 | M62: =$D$62*M60 -> 1895238.1 | N62: =$D$62*N60 -> 1895238.1 | ... R62: =$D$62*R60 -> 1895238.1 | S62: =SUM(G62:R62) -> 13120727
C63: Repairs and Maintenance | D63: =F63*(D48+D49+D51) -> 8204880 | F63: 0.1 | G63: =$D$63/12 -> 683740 | H63: =$D$63/12 -> 683740 | I63: =$D$63/12 -> 683740 | J63: =$D$63/12 -> 683740 | K63: =$D$63/12 -> 683740 | L63: =$D$63/12 -> 683740 | M63: =$D$63/12 -> 683740 | N63: =$D$63/12 -> 683740 | ... R63: =$D$63/12 -> 683740 | S63: =SUM(G63:R63) -> 8204880
C64: JPods License Fee | D64: =$D$131*D156 -> 8000000 | G64: =$D$64/12 -> 666666.67 | H64: =$D$64/12 -> 666666.67 | I64: =$D$64/12 -> 666666.67 | J64: =$D$64/12 -> 666666.67 | K64: =$D$64/12 -> 666666.67 | L64: =$D$64/12 -> 666666.67 | M64: =$D$64/12 -> 666666.67 | N64: =$D$64/12 -> 666666.67 | ... R64: =$D$64/12 -> 666666.67 | S64: =SUM(G64:R64) -> 8000000
C65: Insurance | D65: =$D$131*D149*('JPods Summary'!F28/5) -> 240000 | G65: =$D$65/12 -> 20000 | H65: =$D$65/12 -> 20000 | I65: =$D$65/12 -> 20000 | J65: =$D$65/12 -> 20000 | K65: =$D$65/12 -> 20000 | L65: =$D$65/12 -> 20000 | M65: =$D$65/12 -> 20000 | N65: =$D$65/12 -> 20000 | ... R65: =$D$65/12 -> 20000 | S65: =SUM(G65:R65) -> 240000
C66: Cost of Rides | F66: 0.5 | G66: =$F$66*G60 -> 0 | H66: =$F$66*H60 -> 0 | I66: =$F$66*I60 -> 0 | J66: =$F$66*J60 -> 0 | K66: =$F$66*K60 -> 7395570 | L66: =$F$66*L60 -> 29582280 | M66: =$F$66*M60 -> 31587301 | N66: =$F$66*N60 -> 31587301 | ... R66: =$F$66*R60 -> 31587301 | S66: =SUM(G66:R66) -> 2.1867879e+08
C67: Cost of Tickets Total | G67: =SUM(G61:G66) -> 1370406.7 | H67: =SUM(H61:H66) -> 1370406.7 | I67: =SUM(I61:I66) -> 1370406.7 | J67: =SUM(J61:J66) -> 1370406.7 | K67: =SUM(K61:K66) -> 9949267.9 | L67: =SUM(L61:L66) -> 35685851 | M67: =SUM(M61:M66) -> 38011676 | N67: =SUM(N61:N66) -> 38011676 | ... R67: =SUM(R61:R66) -> 38011676 | S67: =SUM(S62:S66) -> 2.4824439e+08
C71: Disappointing Customers | F71: 0.02 | G71: =$F$71*G60 -> 0 | H71: =$F$71*H60 -> 0 | I71: =$F$71*I60 -> 0 | J71: =$F$71*J60 -> 0 | K71: =$F$71*K60 -> 295822.8 | L71: =$F$71*L60 -> 1183291.2 | M71: =$F$71*M60 -> 1263492 | N71: =$F$71*N60 -> 1263492 | ... R71: =$F$71*R60 -> 1263492 | S71: =SUM(G71:R71) -> 8747151.5
C72: Disappointing Employees | F72: 0.01 | G72: =$F$72*G60 -> 0 | H72: =$F$72*H60 -> 0 | I72: =$F$72*I60 -> 0 | J72: =$F$72*J60 -> 0 | K72: =$F$72*K60 -> 147911.4 | L72: =$F$72*L60 -> 591645.6 | M72: =$F$72*M60 -> 631746.02 | N72: =$F$72*N60 -> 631746.02 | ... R72: =$F$72*R60 -> 631746.02 | S72: =SUM(G72:R72) -> 4373575.8
C73: Rare Events | F73: 0.04 | G73: =$F$73*G60 -> 0 | H73: =$F$73*H60 -> 0 | I73: =$F$73*I60 -> 0 | J73: =$F$73*J60 -> 0 | K73: =$F$73*K60 -> 591645.6 | L73: =$F$73*L60 -> 2366582.4 | M73: =$F$73*M60 -> 2526984.1 | N73: =$F$73*N60 -> 2526984.1 | ... R73: =$F$73*R60 -> 2526984.1 | S73: =SUM(G73:R73) -> 17494303
B75: Mail order | D75: =$D$131*D135 -> 14 | F75: 0.15 | G75: ='JPods Summary'!$F$25*$F$75 -> 4108.65 | H75: ='JPods Summary'!$F$25*$F$75 -> 4108.65 | I75: ='JPods Summary'!$F$25*$F$75 -> 4108.65 | J75: ='JPods Summary'!$F$25*$F$75 -> 4108.65 | K75: ='JPods Summary'!$F$25*$F$75 -> 4108.65 | L75: ='JPods Summary'!$F$25*$F$75 -> 4108.65 | M75: ='JPods Summary'!$F$25*$F$75 -> 4108.65 | N75: ='JPods Summary'!$F$25*$F$75 -> 4108.65 | ... R75: ='JPods Summary'!$F$25*$F$75 -> 4108.65 | S75: 20000
C76: $ | G76: =$D$75*G75 -> 57521.1 | H76: =$D$75*H75 -> 57521.1 | I76: =$D$75*I75 -> 57521.1 | J76: =$D$75*J75 -> 57521.1 | K76: =$D$75*K75 -> 57521.1 | L76: =$D$75*L75 -> 57521.1 | M76: =$D$75*M75 -> 57521.1 | N76: =$D$75*N75 -> 57521.1 | ... R76: =$D$75*R75 -> 57521.1 | S76: =SUM(G76:R76) -> 690253.2
C77: CoG | F77: 0.7 | G77: =$F$77*G76 -> 40264.77 | H77: =$F$77*H76 -> 40264.77 | I77: =$F$77*I76 -> 40264.77 | J77: =$F$77*J76 -> 40264.77 | K77: =$F$77*K76 -> 40264.77 | L77: =$F$77*L76 -> 40264.77 | M77: =$F$77*M76 -> 40264.77 | N77: =$F$77*N76 -> 40264.77 | ... R77: =$F$77*R76 -> 40264.77 | S77: =SUM(G77:R77) -> 483177.24
B79: Define
C80: $ | G80: 0 | H80: 0 | I80: 0 | J80: 0 | K80: 0 | L80: 0 | M80: 0 | N80: 0 | O80: 0 | P80: 0 | Q80: 0 | R80: 0 | S80: =SUM(G80:R80) -> 0
C81: CoG | G81: 0 | H81: 0 | I81: 0 | J81: 0 | K81: 0 | L81: 0 | M81: 0 | N81: 0 | O81: 0 | P81: 0 | Q81: 0 | R81: 0 | S81: =SUM(G81:R81) -> 0
B82: Sponsorships | D82: =$D$131*D154 -> 100000 | F82: 4 | G82: 0 | H82: 0 | I82: 2 | J82: 1 | K82: 1 | L82: 1 | M82: 2 | N82: 2 | O82: 0 | P82: 0 | Q82: 0 | R82: 0 | S82: =SUM(G82:R82) -> 9
C83: $ | G83: =G82*$D$82 -> 0 | H83: =H82*$D$82 -> 0 | I83: =I82*$D$82 -> 200000 | J83: =J82*$D$82 -> 100000 | K83: =K82*$D$82 -> 100000 | L83: =L82*$D$82 -> 100000 | M83: =M82*$D$82 -> 200000 | N83: =N82*$D$82 -> 200000 | ... R83: =R82*$D$82 -> 0 | S83: =SUM(G83:R83) -> 900000
C84: CoG | D84: 0.35 | G84: =$D$84*G83 -> 0 | H84: =$D$84*H83 -> 0 | I84: =$D$84*I83 -> 70000 | J84: =$D$84*J83 -> 35000 | K84: =$D$84*K83 -> 35000 | L84: =$D$84*L83 -> 35000 | M84: =$D$84*M83 -> 70000 | N84: =$D$84*N83 -> 70000 | ... R84: =$D$84*R83 -> 0
B86: Licensing | D86: =$D$131*D155 -> 0 | F86: =SUM(G86:R86) -> 1 | G86: 0 | H86: 0 | I86: 0 | J86: 0.1 | K86: 0 | L86: 0 | M86: 0.1 | N86: 0.1 | O86: 0.1 | P86: 0.2 | Q86: 0.2 | R86: 0.2 | S86: =SUM(G86:R86) -> 1
C87: $ | G87: =$D$86*G86 -> 0 | H87: =$D$86*H86 -> 0 | I87: =$D$86*I86 -> 0 | J87: =$D$86*J86 -> 0 | K87: =$D$86*K86 -> 0 | L87: =$D$86*L86 -> 0 | M87: =$D$86*M86 -> 0 | N87: =$D$86*N86 -> 0 | ... R87: =$D$86*R86 -> 0 | S87: =SUM(G87:R87) -> 0
C88: CoG | D88: 0.15 | G88: =G87*$D$88 -> 0 | H88: =H87*$D$88 -> 0 | I88: =I87*$D$88 -> 0 | J88: =J87*$D$88 -> 0 | K88: =K87*$D$88 -> 0 | L88: =L87*$D$88 -> 0 | M88: =M87*$D$88 -> 0 | N88: =N87*$D$88 -> 0 | ... R88: =R87*$D$88 -> 0 | S88: =SUM(G88:R88) -> 0
A91: Totals
C94: Head Count | G94: =G26 -> 139.2 | H94: =H26 -> 139.2 | I94: =I26 -> 139.2 | J94: =J26 -> 139.2 | K94: =K26 -> 139.2 | L94: =L26 -> 139.2 | M94: =M26 -> 139.2 | N94: =N26 -> 139.2 | ... R94: =R26 -> 139.2
C95: Gross Revenues | G95: =G60+G76+G80+G83+G87 -> 57521.1 | H95: =H60+H76+H80+H83+H87 -> 57521.1 | I95: =I60+I76+I80+I83+I87 -> 257521.1 | J95: =J60+J76+J80+J83+J87 -> 157521.1 | K95: =K60+K76+K80+K83+K87 -> 14948661 | L95: =L60+L76+L80+L83+L87 -> 59322081 | M95: =M60+M76+M80+M83+M87 -> 63432124 | N95: =N60+N76+N80+N83+N87 -> 63432124 | ... R95: =R60+R76+R80+R83+R87 -> 63232124 | S95: =SUM(G95:R95) -> 4.3894783e+08
C97: Gross Costs | G97: =G77+G81+G84+G88+G67 -> 1410671.4 | H97: =H77+H81+H84+H88+H67 -> 1410671.4 | I97: =I77+I81+I84+I88+I67 -> 1480671.4 | J97: =J77+J81+J84+J88+J67 -> 1445671.4 | K97: =K77+K81+K84+K88+K67 -> 10024533 | L97: =L77+L81+L84+L88+L67 -> 35761116 | M97: =M77+M81+M84+M88+M67 -> 38121941 | N97: =N77+N81+N84+N88+N67 -> 38121941 | ... R97: =R77+R81+R84+R88+R67 -> 38051941 | S97: =SUM(G97:R97) -> 2.7091045e+08
C98: Cost of People | G98: =G25 -> 755039.23 | H98: =H25 -> 755040.23 | I98: =I25 -> 755040.23 | J98: =J25 -> 755040.23 | K98: =K25 -> 755040.23 | L98: =L25 -> 855194.24 | M98: =M25 -> 2017472.7 | N98: =N25 -> 2052688.8 | ... R98: =R25 -> 1941227 | S98: =SUM(G98:R98) -> 16502999
C99: =C42 -> Expenses | G99: =G42 -> 2055472.9 | H99: =H42 -> 1665212.9 | I99: =I42 -> 1665212.9 | J99: =J42 -> 1665254.6 | K99: =K42 -> 1665212.9 | L99: =L42 -> 1665212.9 | M99: =M42 -> 1665216.4 | N99: =N42 -> 1665212.9 | ... R99: =R42 -> 1665212.9 | S99: =SUM(G99:R99) -> 20372860
C102: Capital Expenses | G102: =G53 -> 33844877 | H102: =H53 -> 45832215 | I102: =I53 -> 17247771 | J102: =J53 -> 17247771 | K102: =K53 -> 17247771 | L102: =L53 -> 3807770.7 | M102: =M53 -> 3807770.7 | N102: =N53 -> 3807770.7 | ... R102: =R53 -> 3807770.7 | S102: =SUM(G102:R102) -> 1.580748e+08
C103: Revenue Per Person | G103: =G95/G94 -> 413.22629 | H103: =H95/H94 -> 413.22629 | I103: =I95/I94 -> 1850.0079 | J103: =J95/J94 -> 1131.6171 | K103: =K95/K94 -> 107389.81 | L103: =L95/L94 -> 426164.38 | M103: =M95/M94 -> 455690.54 | N103: =N95/N94 -> 455690.54 | ... R103: =R95/R94 -> 454253.76
C106: Cummulative | G106: =G95-G97-G98-G99-G102 -> -38008539 | H106: =G106+H95-H97-H98-H99-H102 -> -87614158 | I106: =H106+I95-I97-I98-I99-I102 -> -1.0850533e+08 | J106: =I106+J95-J97-J98-J99-J102 -> -1.2946155e+08 | K106: =J106+K95-K97-K98-K99-K102 -> -1.4420544e+08 | L106: =K106+L95-L97-L98-L99-L102 -> -1.2697266e+08 | M106: =L106+M95-M97-M98-M99-M102 -> -1.0915293e+08 | N106: =M106+N95-N97-N98-N99-N102 -> -91368423 | O106: =N106+O95-O97-O98-O99-O102 -> -78598793 | ... R106: =Q106+R95-R97-R98-R99-R102 -> -26913280
A108: Bonus Data
S110: =SUM(G110:R110) -> 0
C111: Revenue from Operations | G111: =G95 -> 57521.1 | H111: =H95 -> 57521.1 | I111: =I95 -> 257521.1 | J111: =J95 -> 157521.1 | K111: =K95 -> 14948661 | L111: =L95 -> 59322081 | M111: =M95 -> 63432124 | N111: =N95 -> 63432124 | ... R111: =R95 -> 63232124 | S111: =SUM(G111:R111) -> 4.3894783e+08
C112: Gross Revenue | G112: =G95-G97-G98-G99 -> -4163662.5 | H112: =H95-H97-H98-H99 -> -3773403.5 | I112: =I95-I97-I98-I99 -> -3643403.5 | J112: =J95-J97-J98-J99 -> -3708445.1 | K112: =K95-K97-K98-K99 -> 2503875.3 | L112: =L95-L97-L98-L99 -> 21040558 | M112: =M95-M97-M98-M99 -> 21627494 | N112: =N95-N97-N98-N99 -> 21592281 | ... R112: =R95-R97-R98-R99 -> 21573743 | S112: =SUM(G112:R112) -> 1.3116152e+08
C114: Licensing & Sponsors | G114: =G83+G87 -> 0 | H114: =H83+H87 -> 0 | I114: =I83+I87 -> 200000 | J114: =J83+J87 -> 100000 | K114: =K83+K87 -> 100000 | L114: =L83+L87 -> 100000 | M114: =M83+M87 -> 200000 | N114: =N83+N87 -> 200000 | ... R114: =R83+R87 -> 0
C115: Cost of Licensing | G115: =G84+G88 -> 0 | H115: =H84+H88 -> 0 | I115: =I84+I88 -> 70000 | J115: =J84+J88 -> 35000 | K115: =K84+K88 -> 35000 | L115: =L84+L88 -> 35000 | M115: =M84+M88 -> 70000 | N115: =N84+N88 -> 70000 | ... R115: =R84+R88 -> 0
A117: Base Pay and Bonus Structure | G117: 1 | H117: 2 | I117: 3 | J117: 4 | K117: 5 | L117: 6 | M117: 7 | N117: 8 | O117: 9 | P117: 10 | Q117: 11 | R117: 12 | S117: =SUM(G117:R117) -> 78
J118: Fringe | K118: 0.32 | M118: Month 5+ | S118: =SUM(G118:R118) -> 0.32
C119: Head counts per 5 km | D119: 10 | H119: Sales | I119: LaunchBonus | J119: Profits | K119: Losses | L119: Loss Cap | M119: $Loss Cap | N119: Monthly | O119: Fring | P119: MonthTotal | R119: License Bonus
C120: Admin | D120: 1 | F120: 0.5 | G120: =$D$131*D158 -> 40000 | H120: 0.005 | I120: 0.005 | J120: 0.005 | K120: 0.001 | L120: 0.1 | M120: =-ROUND(L120*N120,0) -> -333 | N120: =ROUND(G120/12,0) -> 3333 | O120: =$K$118*N120 -> 1066.56 | P120: =O120+N120 -> 4399.56
C121: Accounting | D121: 1 | F121: 0.5 | G121: =$D$131*D159 -> 75000 | H121: 0.005 | I121: 0.005 | J121: 0.005 | K121: 0.001 | L121: 0.1 | M121: =-ROUND(L121*N121,0) -> -625 | N121: =ROUND(G121/12,0) -> 6250 | O121: =$K$118*N121 -> 2000 | P121: =O121+N121 -> 8250
C122: Engineer | D122: 3 | F122: 3 | G122: =$D$131*D160 -> 120000 | H122: 0.005 | I122: 0.005 | J122: 0.005 | K122: 0.05 | L122: 0.2 | M122: =-ROUND(L122*N122,0) -> -2000 | N122: =ROUND(G122/12,0) -> 10000 | O122: =$K$118*N122 -> 3200 | P122: =O122+N122 -> 13200
C123: Maintenance | D123: 3 | F123: 3 | G123: =$D$131*D161 -> 75000 | H123: 0.005 | I123: 0.005 | J123: 0.005 | K123: 0.01 | L123: 0.1 | M123: =-ROUND(L123*N123,0) -> -625 | N123: =ROUND(G123/12,0) -> 6250 | O123: =$K$118*N123 -> 2000 | P123: =O123+N123 -> 8250
C124: Mail Order | D124: 0.4 | G124: =$D$131*D162 -> 40000 | H124: 0.005 | I124: 0.005 | J124: 0.005 | K124: 0.01 | L124: 0.1 | M124: =-ROUND(L124*N124,0) -> -333 | N124: =ROUND(G124/12,0) -> 3333 | O124: =$K$118*N124 -> 1066.56 | P124: =O124+N124 -> 4399.56
C125: Management | D125: 0.5 | G125: =$D$131*D163 -> 120000 | H125: 0.005 | I125: 0.005 | J125: 0.005 | K125: 0.05 | L125: 0.2 | M125: =-ROUND(L125*N125,0) -> -2000 | N125: =ROUND(G125/12,0) -> 10000 | O125: =$K$118*N125 -> 3200 | P125: =O125+N125 -> 13200
...

Sheet P&L
T1: From Summary page
A3: Network Size | C3: km | D3: 0.5 | J3: 0.5 | R3: Network Size Increase | T3: =System!D3 -> 24 | U3: ='JPods Summary'!F29 -> 0 | V3: ='JPods Summary'!F30 -> 0 | W3: ='JPods Summary'!F31 -> 0 | X3: ='JPods Summary'!F32 -> 0
R4: Network Size | T4: =T3 -> 24 | U4: =T4+U3 -> 24 | V4: =U4+V3 -> 24 | W4: =V4+W3 -> 24 | X4: =W4+X3 -> 24
D5: =CashFlow!G7 -> Sep | E5: =CashFlow!H7 -> Oct | F5: =CashFlow!I7 -> Nov | G5: =CashFlow!J7 -> Dec | H5: =CashFlow!K7 -> Jan | I5: =CashFlow!L7 -> Feb | J5: =CashFlow!M7 -> Mar | K5: =CashFlow!N7 -> Apr | ... O5: =CashFlow!R7 -> Aug | P5: Totals | T5: Year1 | U5: Year2 | V5: Year3 | W5: Year4 | X5: Year5
A6: Revenue Streams | R6: Revenue Streams
B7: =CashFlow!B59 -> Tickets | D7: =CashFlow!G60 -> 0 | E7: =CashFlow!H60 -> 0 | F7: =CashFlow!I60 -> 0 | G7: =CashFlow!J60 -> 0 | H7: =CashFlow!K60 -> 14791140 | I7: =CashFlow!L60 -> 59164560 | J7: =CashFlow!M60 -> 63174602 | K7: =CashFlow!N60 -> 63174602 | ... O7: =CashFlow!R60 -> 63174602 | P7: =SUM(D7:O7) -> 4.3735758e+08 | Q7: Increase | R7: 1 | S7: =B7 -> Tickets | T7: =P7 -> 4.3735758e+08 | U7: =T7*R7 -> 4.3735758e+08 | V7: =U7*R7 -> 4.3735758e+08 | W7: =T7+R7 -> 4.3735758e+08 | X7: =T7*R7 -> 4.3735758e+08
B8: =CashFlow!B75 -> Mail order | D8: =CashFlow!G76 -> 57521.1 | E8: =CashFlow!H76 -> 57521.1 | F8: =CashFlow!I76 -> 57521.1 | G8: =CashFlow!J76 -> 57521.1 | H8: =CashFlow!K76 -> 57521.1 | I8: =CashFlow!L76 -> 57521.1 | J8: =CashFlow!M76 -> 57521.1 | K8: =CashFlow!N76 -> 57521.1 | ... O8: =CashFlow!R76 -> 57521.1 | P8: =SUM(D8:O8) -> 690253.2 | R8: 1 | S8: =B8 -> Mail order | T8: =P8 -> 690253.2 | U8: =T8*$R$8 -> 690253.2 | V8: =U8*R8 -> 690253.2 | W8: =V8*R8 -> 690253.2 | X8: =W8*R8 -> 690253.2
B9: =CashFlow!B82 -> Sponsorships | D9: =CashFlow!G83 -> 0 | E9: =CashFlow!H83 -> 0 | F9: =CashFlow!I83 -> 200000 | G9: =CashFlow!J83 -> 100000 | H9: =CashFlow!K83 -> 100000 | I9: =CashFlow!L83 -> 100000 | J9: =CashFlow!M83 -> 200000 | K9: =CashFlow!N83 -> 200000 | ... O9: =CashFlow!R83 -> 0 | P9: =SUM(D9:O9) -> 900000 | R9: 1 | S9: =B9 -> Sponsorships | T9: =P9 -> 900000 | U9: =T9*$R$9 -> 900000 | V9: =U9*R9 -> 900000 | W9: =U9*R9 -> 900000 | X9: =U9*R9 -> 900000
B10: =CashFlow!B86 -> Licensing | D10: =CashFlow!G87 -> 0 | E10: =CashFlow!H87 -> 0 | F10: =CashFlow!I87 -> 0 | G10: =CashFlow!J87 -> 0 | H10: =CashFlow!K87 -> 0 | I10: =CashFlow!L87 -> 0 | J10: =CashFlow!M87 -> 0 | K10: =CashFlow!N87 -> 0 | ... O10: =CashFlow!R87 -> 0 | P10: =SUM(D10:O10) -> 0 | R10: 1 | S10: =B10 -> Licensing | T10: =P10 -> 0 | U10: =T10*R10 -> 0 | V10: =U10*R10 -> 0 | W10: =U10*R10 -> 0 | X10: =U10*R10 -> 0
B14: Revenues | D14: =SUM(D7:D10) -> 57521.1 | E14: =SUM(E7:E10) -> 57521.1 | F14: =SUM(F7:F10) -> 257521.1 | G14: =SUM(G7:G10) -> 157521.1 | H14: =SUM(H7:H10) -> 14948661 | I14: =SUM(I7:I10) -> 59322081 | J14: =SUM(J7:J10) -> 63432124 | K14: =SUM(K7:K10) -> 63432124 | ... O14: =SUM(O7:O10) -> 63232124 | P14: =SUM(D14:O14) -> 4.3894783e+08 | S14: =B14 -> Revenues | T14: =SUM(T7:T10) -> 4.3894783e+08 | U14: =SUM(U7:U10) -> 4.3894783e+08 | V14: =SUM(V7:V10) -> 4.3894783e+08 | W14: =SUM(W7:W10) -> 4.3894783e+08 | X14: =SUM(X7:X10) -> 4.3894783e+08
U15: 0.98 | V15: 0.98 | W15: 0.98 | X15: 0.98
B16: Cost of Goods | D16: =CashFlow!G97 -> 1410671.4 | E16: =CashFlow!H97 -> 1410671.4 | F16: =CashFlow!I97 -> 1480671.4 | G16: =CashFlow!J97 -> 1445671.4 | H16: =CashFlow!K97 -> 10024533 | I16: =CashFlow!L97 -> 35761116 | J16: =CashFlow!M97 -> 38121941 | K16: =CashFlow!N97 -> 38121941 | ... O16: =CashFlow!R97 -> 38051941 | P16: =SUM(D16:O16) -> 2.7091045e+08 | S16: =B16 -> Cost of Goods | T16: =P16 -> 2.7091045e+08 | U16: =U14/T14*T16*U15 -> 2.6549224e+08 | V16: =V14/U14*U16*V15 -> 2.601824e+08 | W16: =W14/V14*V16*W15 -> 2.5497875e+08 | X16: =X14/W14*W16*X15 -> 2.4987917e+08
B19: Margins | D19: =D14-D16 -> -1353150.3 | E19: =E14-E16 -> -1353150.3 | F19: =F14-F16 -> -1223150.3 | G19: =G14-G16 -> -1288150.3 | H19: =H14-H16 -> 4924128.5 | I19: =I14-I16 -> 23560965 | J19: =J14-J16 -> 25310183 | K19: =K14-K16 -> 25310183 | ... O19: =O14-O16 -> 25180183 | P19: =SUM(D19:O19) -> 1.6803738e+08 | S19: =B19 -> Margins | T19: =T14-T16 -> 1.6803738e+08 | U19: =U14-U16 -> 1.7345559e+08 | V19: =V14-V16 -> 1.7876543e+08 | W19: =W14-W16 -> 1.8396908e+08 | X19: =X14-X16 -> 1.8906865e+08
B20: Margin % | D20: =IF(D14>0,(D14-D16)/D14,0) -> -23.524417 | E20: =IF(E14>0,(E14-E16)/E14,0) -> -23.524417 | F20: =IF(F14>0,(F14-F16)/F14,0) -> -4.7497092 | G20: =IF(G14>0,(G14-G16)/G14,0) -> -8.1776368 | H20: =IF(H14>0,(H14-H16)/H14,0) -> 0.32940264 | I20: =IF(I14>0,(I14-I16)/I14,0) -> 0.39717023 | J20: =IF(J14>0,(J14-J16)/J14,0) -> 0.39901207 | K20: =IF(K14>0,(K14-K16)/K14,0) -> 0.39901207 | ... O20: =IF(O14>0,(O14-O16)/O14,0) -> 0.3982182 | P20: =SUM(D20:O20) -> -56.865097 | S20: =B20 -> Margin % | T20: =(T14-T16)/T14 -> 0.38281856 | U20: =(U14-U16)/U14 -> 0.39516219 | V20: =(V14-V16)/V14 -> 0.40725895 | W20: =(W14-W16)/W14 -> 0.41911377 | X20: =(X14-X16)/X14 -> 0.43073149
A22: Expenses | Q22: =0.05 -> 0.05 | R22: Expenses
B23: =CashFlow!C26 -> Head Count | D23: =CashFlow!G26 -> 139.2 | E23: =CashFlow!H26 -> 139.2 | F23: =CashFlow!I26 -> 139.2 | G23: =CashFlow!J26 -> 139.2 | H23: =CashFlow!K26 -> 139.2 | I23: =CashFlow!L26 -> 139.2 | J23: =CashFlow!M26 -> 139.2 | K23: =CashFlow!N26 -> 139.2 | ... O23: =CashFlow!R26 -> 139.2 | S23: =B23 -> Head Count | T23: =O23 -> 139.2 | U23: =ROUND(($T$23+U3)/$T$3,1)*($T$3+U3) -> 139.2 | V23: =ROUND(($T$23+V3+U3)/U23,1)*($T$23+V3+U3) -> 139.2 | W23: =ROUND(($T$23+W3+V3+U3)/V23,1)*($T$23+W3+V3+U3) -> 139.2 | X23: =ROUND(($T$23+X3+W3+V3+U3)/W23,1)*($T$23+X3+W3+V3+U3) -> 139.2
B24: =CashFlow!C25 -> Expenses People | D24: =CashFlow!G25 -> 755039.23 | E24: =CashFlow!H25 -> 755040.23 | F24: =CashFlow!I25 -> 755040.23 | G24: =CashFlow!J25 -> 755040.23 | H24: =CashFlow!K25 -> 755040.23 | I24: =CashFlow!L25 -> 855194.24 | J24: =CashFlow!M25 -> 2017472.7 | K24: =CashFlow!N25 -> 2052688.8 | ... O24: =CashFlow!R25 -> 1941227 | P24: =SUM(D24:O24) -> 16502999 | S24: =B24 -> Expenses People | T24: =P24 -> 16502999 | U24: =$T$24/$T$23*U23 -> 16502999 | V24: =$T$24/$T$23*V23 -> 16502999 | W24: =$T$24/$T$23*W23 -> 16502999 | X24: =$T$24/$T$23*X23 -> 16502999
B26: =CashFlow!B29 -> Travel | D26: =CashFlow!G29 -> 134400 | E26: =CashFlow!H29 -> 134400 | F26: =CashFlow!I29 -> 134400 | G26: =CashFlow!J29 -> 134400 | H26: =CashFlow!K29 -> 134400 | I26: =CashFlow!L29 -> 134400 | J26: =CashFlow!M29 -> 134400 | K26: =CashFlow!N29 -> 134400 | ... O26: =CashFlow!R29 -> 134400 | P26: =SUM(D26:O26) -> 1612800 | Q26: 0.2 | S26: =B26 -> Travel | T26: =P26 -> 1612800 | U26: =T26/$T$23*$U$23 -> 1612800 | V26: =T26/$T$23*V23 -> 1612800 | W26: =$T26/$T$23*$W$23 -> 1612800 | X26: =$T26/$T$23*$X$23 -> 1612800
B27: =CashFlow!B30 -> PR | D27: =CashFlow!G30 -> 500 | E27: =CashFlow!H30 -> 0 | F27: =CashFlow!I30 -> 0 | G27: =CashFlow!J30 -> 41.666667 | H27: =CashFlow!K30 -> 0 | I27: =CashFlow!L30 -> 0 | J27: =CashFlow!M30 -> 3.4722222 | K27: =CashFlow!N30 -> 0 | ... O27: =CashFlow!R30 -> 0 | P27: =SUM(D27:O27) -> 545.42824 | Q27: 0.5 | S27: =B27 -> PR | T27: =P27 -> 545.42824 | U27: =T27/$T$23*$U$23 -> 545.42824 | V27: =T27/$T$23*$U$23 -> 545.42824 | W27: =$T27/$T$23*$W$23 -> 545.42824 | X27: =$T27/$T$23*$X$23 -> 545.42824
B28: =CashFlow!B31 -> Insurance | D28: =CashFlow!G31 -> 48720 | E28: =CashFlow!H31 -> 48720 | F28: =CashFlow!I31 -> 48720 | G28: =CashFlow!J31 -> 48720 | H28: =CashFlow!K31 -> 48720 | I28: =CashFlow!L31 -> 48720 | J28: =CashFlow!M31 -> 48720 | K28: =CashFlow!N31 -> 48720 | ... O28: =CashFlow!R31 -> 48720 | P28: =SUM(D28:O28) -> 584640 | Q28: relative | S28: =B28 -> Insurance | T28: =P28 -> 584640 | U28: =T28/$T$23*$U$23 -> 584640 | V28: =T28/$T$23*$U$23 -> 584640 | W28: =$T28/$T$23*$W$23 -> 584640 | X28: =$T28/$T$23*$X$23 -> 584640
B29: =CashFlow!B32 -> Vehicle | D29: =CashFlow!G32 -> 12528 | E29: =CashFlow!H32 -> 12528 | F29: =CashFlow!I32 -> 12528 | G29: =CashFlow!J32 -> 12528 | H29: =CashFlow!K32 -> 12528 | I29: =CashFlow!L32 -> 12528 | J29: =CashFlow!M32 -> 12528 | K29: =CashFlow!N32 -> 12528 | ... O29: =CashFlow!R32 -> 12528 | P29: =SUM(D29:O29) -> 150336 | Q29: 0.2 | S29: =B29 -> Vehicle | T29: =P29 -> 150336 | U29: =T29/$T$23*$U$23 -> 150336 | V29: =T29/$T$23*$U$23 -> 150336 | W29: =$T29/$T$23*$W$23 -> 150336 | X29: =$T29/$T$23*$X$23 -> 150336
B30: =CashFlow!B33 -> Consulting | D30: =CashFlow!G33 -> 2784 | E30: =CashFlow!H33 -> 2784 | F30: =CashFlow!I33 -> 2784 | G30: =CashFlow!J33 -> 2784 | H30: =CashFlow!K33 -> 2784 | I30: =CashFlow!L33 -> 2784 | J30: =CashFlow!M33 -> 2784 | K30: =CashFlow!N33 -> 2784 | ... O30: =CashFlow!R33 -> 2784 | P30: =SUM(D30:O30) -> 33408 | S30: =B30 -> Consulting | T30: =P30 -> 33408 | U30: =T30/$T$23*$U$23 -> 33408 | V30: =T30/$T$23*$U$23 -> 33408 | W30: =$T30/$T$23*$W$23 -> 33408 | X30: =$T30/$T$23*$X$23 -> 33408
B31: =CashFlow!B34 -> Office Space | D31: =CashFlow!G34 -> 2227.2 | E31: =CashFlow!H34 -> 2227.2 | F31: =CashFlow!I34 -> 2227.2 | G31: =CashFlow!J34 -> 2227.2 | H31: =CashFlow!K34 -> 2227.2 | I31: =CashFlow!L34 -> 2227.2 | J31: =CashFlow!M34 -> 2227.2 | K31: =CashFlow!N34 -> 2227.2 | ... O31: =CashFlow!R34 -> 2227.2 | P31: =SUM(D31:O31) -> 26726.4 | S31: =B31 -> Office Space | T31: =P31 -> 26726.4 | U31: =T31/$T$23*$U$23 -> 26726.4 | V31: =T31/$T$23*V23 -> 26726.4 | W31: =$T31/$T$23*$W$23 -> 26726.4 | X31: =$T31/$T$23*$X$23 -> 26726.4
B32: =CashFlow!B35 -> Utilities | D32: =CashFlow!G35 -> 222.72 | E32: =CashFlow!H35 -> 222.72 | F32: =CashFlow!I35 -> 222.72 | G32: =CashFlow!J35 -> 222.72 | H32: =CashFlow!K35 -> 222.72 | I32: =CashFlow!L35 -> 222.72 | J32: =CashFlow!M35 -> 222.72 | K32: =CashFlow!N35 -> 222.72 | ... O32: =CashFlow!R35 -> 222.72 | P32: =SUM(D32:O32) -> 2672.64 | S32: =B32 -> Utilities | T32: =P32 -> 2672.64 | U32: =T32/$T$23*$U$23 -> 2672.64 | V32: =T32/$T$23*V23 -> 2672.64 | W32: =$T32/$T$23*$W$23 -> 2672.64 | X32: =$T32/$T$23*$X$23 -> 2672.64
B33: =CashFlow!B36 -> Office Supplies | D33: =CashFlow!G36 -> 6960 | E33: =CashFlow!H36 -> 6960 | F33: =CashFlow!I36 -> 6960 | G33: =CashFlow!J36 -> 6960 | H33: =CashFlow!K36 -> 6960 | I33: =CashFlow!L36 -> 6960 | J33: =CashFlow!M36 -> 6960 | K33: =CashFlow!N36 -> 6960 | ... O33: =CashFlow!R36 -> 6960 | P33: =SUM(D33:O33) -> 83520 | S33: =B33 -> Office Supplies | T33: =P33 -> 83520 | U33: =T33/$T$23*$U$23 -> 83520 | V33: =T33/$T$23*V23 -> 83520 | W33: =$T33/$T$23*$W$23 -> 83520 | X33: =$T33/$T$23*$X$23 -> 83520
B34: =CashFlow!B37 -> Equipment | D34: =CashFlow!G37 -> 389760 | E34: =CashFlow!H37 -> 0 | F34: =CashFlow!I37 -> 0 | G34: =CashFlow!J37 -> 0 | H34: =CashFlow!K37 -> 0 | I34: =CashFlow!L37 -> 0 | J34: =CashFlow!M37 -> 0 | K34: =CashFlow!N37 -> 0 | ... O34: =CashFlow!R37 -> 0 | P34: =SUM(D34:O34) -> 389760 | S34: =B34 -> Equipment | T34: =P34 -> 389760 | U34: =T34/$T$23*$U$23 -> 389760 | V34: =T34/$T$23*V23 -> 389760 | W34: =$T34/$T$23*$W$23 -> 389760 | X34: =$T34/$T$23*$X$23 -> 389760
B35: =CashFlow!B38 -> Communications | D35: =CashFlow!G38 -> 8352 | E35: =CashFlow!H38 -> 8352 | F35: =CashFlow!I38 -> 8352 | G35: =CashFlow!J38 -> 8352 | H35: =CashFlow!K38 -> 8352 | I35: =CashFlow!L38 -> 8352 | J35: =CashFlow!M38 -> 8352 | K35: =CashFlow!N38 -> 8352 | ... O35: =CashFlow!R38 -> 8352 | P35: =SUM(D35:O35) -> 100224 | Q35: -0.04 | S35: =B35 -> Communications | T35: =P35 -> 100224 | U35: =T35/$T$23*$U$23 -> 100224 | V35: =T35/$T$23*V23 -> 100224 | W35: =$T35/$T$23*$W$23 -> 100224 | X35: =$T35/$T$23*$X$23 -> 100224
B37: Insurance, Operating | D37: =CashFlow!G65 -> 20000 | E37: =CashFlow!H65 -> 20000 | F37: =CashFlow!I65 -> 20000 | G37: =CashFlow!J65 -> 20000 | H37: =CashFlow!K65 -> 20000 | I37: =CashFlow!L65 -> 20000 | J37: =CashFlow!M65 -> 20000 | K37: =CashFlow!N65 -> 20000 | ... O37: =CashFlow!R65 -> 20000 | P37: =SUM(D37:O37) -> 240000 | S37: =B37 -> Insurance, Operating | T37: =P37 -> 240000 | U37: =ROUND(T37*(T4/U4),0) -> 240000 | V37: =ROUND(U37*(U4/V4),0) -> 240000 | W37: =ROUND(V37*(V4/W4),0) -> 240000 | X37: =ROUND(W37*(W4/X4),0) -> 240000
S38: Debt Payments | T38: =P49 -> 7903739.9 | U38: =T38 -> 7903739.9 | V38: =U38 -> 7903739.9 | W38: =V38 -> 7903739.9 | X38: =W38 -> 7903739.9
B39: =CashFlow!B40 -> Debt Service | D39: =CashFlow!G40 -> 790373.99 | E39: =CashFlow!H40 -> 790373.99 | F39: =CashFlow!I40 -> 790373.99 | G39: =CashFlow!J40 -> 790373.99 | H39: =CashFlow!K40 -> 790373.99 | I39: =CashFlow!L40 -> 790373.99 | J39: =CashFlow!M40 -> 790373.99 | K39: =CashFlow!N40 -> 790373.99 | ... O39: =CashFlow!R40 -> 790373.99 | P39: =SUM(D39:O39) -> 9484487.9 | Q39: -0.08 | S39: =B39 -> Debt Service | T39: =P39 -> 9484487.9 | U39: =ROUND(T39*(T4/U4),0) -> 9484488 | V39: =ROUND(U39*(U4/V4),0) -> 9484488 | W39: =ROUND(V39*(V4/W4),0) -> 9484488 | X39: =ROUND(W39*(W4/X4),0) -> 9484488
B41: Expenses | D41: =D24+SUM(D26:D35)+D37 -> 1381493.2 | E41: =E24+SUM(E26:E35)+E37 -> 991234.15 | F41: =F24+SUM(F26:F35)+F37 -> 991234.15 | G41: =G24+SUM(G26:G35)+G37 -> 991275.82 | H41: =H24+SUM(H26:H35)+H37 -> 991234.15 | I41: =I24+SUM(I26:I35)+I37 -> 1091388.2 | J41: =J24+SUM(J26:J35)+J37 -> 2253670.1 | K41: =K24+SUM(K26:K35)+K37 -> 2288882.8 | ... O41: =O24+SUM(O26:O35)+O37 -> 2177420.9 | P41: =SUM(D41:O41) -> 19727631 | S41: =B41 -> Expenses | T41: =T24+SUM(T26:T35)+T37+T39+T38 -> 37115859 | U41: =U24+SUM(U26:U35)+U37+U39+U38 -> 37115859 | V41: =V24+SUM(V26:V35)+V37+V39+V38 -> 37115859 | W41: =W24+SUM(W26:W35)+W37+W39+W38 -> 37115859 | X41: =X24+SUM(X26:X35)+X37+X39+X38 -> 37115859
B43: =CashFlow!C71 -> Disappointing Customers | D43: =CashFlow!G71 -> 0 | E43: =CashFlow!H71 -> 0 | F43: =CashFlow!I71 -> 0 | G43: =CashFlow!J71 -> 0 | H43: =CashFlow!K71 -> 295822.8 | I43: =CashFlow!L71 -> 1183291.2 | J43: =CashFlow!M71 -> 1263492 | K43: =CashFlow!N71 -> 1263492 | ... O43: =CashFlow!R71 -> 1263492 | P43: =SUM(D43:O43) -> 8747151.5 | S43: =B43 -> Disappointing Customers | T43: =P43 -> 8747151.5 | U43: =T43 -> 8747151.5 | V43: =U43 -> 8747151.5 | W43: =V43 -> 8747151.5 | X43: =W43 -> 8747151.5 | Y43: Simplified
B44: =CashFlow!C72 -> Disappointing Employees | D44: =CashFlow!G72 -> 0 | E44: =CashFlow!H72 -> 0 | F44: =CashFlow!I72 -> 0 | G44: =CashFlow!J72 -> 0 | H44: =CashFlow!K72 -> 147911.4 | I44: =CashFlow!L72 -> 591645.6 | J44: =CashFlow!M72 -> 631746.02 | K44: =CashFlow!N72 -> 631746.02 | ... O44: =CashFlow!R72 -> 631746.02 | P44: =SUM(D44:O44) -> 4373575.8 | S44: =B44 -> Disappointing Employees | T44: =P44 -> 4373575.8 | U44: =T44 -> 4373575.8 | V44: =U44 -> 4373575.8 | W44: =V44 -> 4373575.8 | X44: =W44 -> 4373575.8 | Y44: Simplified
B45: Rare Events | D45: =CashFlow!G73 -> 0 | E45: =CashFlow!H73 -> 0 | F45: =CashFlow!I73 -> 0 | G45: =CashFlow!J73 -> 0 | H45: =CashFlow!K73 -> 591645.6 | I45: =CashFlow!L73 -> 2366582.4 | J45: =CashFlow!M73 -> 2526984.1 | K45: =CashFlow!N73 -> 2526984.1 | ... O45: =CashFlow!R73 -> 2526984.1 | P45: =SUM(D45:O45) -> 17494303 | S45: =B45 -> Rare Events | T45: =P45 -> 17494303 | U45: =T45 -> 17494303 | V45: =U45 -> 17494303 | W45: =V45 -> 17494303 | X45: =W45 -> 17494303 | Y45: Simplified
B47: Depreciation | C47: =Balance!C59 -> 60 | P47: =P51/Balance!$C$59 -> 2634580 | S47: Depreciation | T47: =P47 -> 2634580 | U47: =T53/Balance!$C$59 -> 2458941.3 | V47: =U53/Balance!$C$59 -> 2286230 | W47: =V53/Balance!$C$59 -> 2116397.1 | X47: =W53/Balance!$C$59 -> 1949394.8 | Y47: Simplified
B49: Debt Repayment | D49: =CashFlow!G41 -> 658644.99 | E49: =CashFlow!H41 -> 658644.99 | F49: =CashFlow!I41 -> 658644.99 | G49: =CashFlow!J41 -> 658644.99 | H49: =CashFlow!K41 -> 658644.99 | I49: =CashFlow!L41 -> 658644.99 | J49: =CashFlow!M41 -> 658644.99 | K49: =CashFlow!N41 -> 658644.99 | ... O49: =CashFlow!R41 -> 658644.99 | P49: =SUM(D49:O49) -> 7903739.9 | S49: Sart up | T49: 60000000
Q50: 0.06
B51: =CashFlow!C53 -> Facility Expense | D51: =CashFlow!G53 -> 33844877 | E51: =CashFlow!H53 -> 45832215 | F51: =CashFlow!I53 -> 17247771 | G51: =CashFlow!J53 -> 17247771 | H51: =CashFlow!K53 -> 17247771 | I51: =CashFlow!L53 -> 3807770.7 | J51: =CashFlow!M53 -> 3807770.7 | K51: =CashFlow!N53 -> 3807770.7 | ... O51: =CashFlow!R53 -> 3807770.7 | P51: =SUM(D51:O51) -> 1.580748e+08
S52: System Expansion | T52: =P51 -> 1.580748e+08 | U52: =$T$52/$T$3*U$3*($T$3-U$3) -> 0 | V52: =$T$52/$T$3*V$3*($T$3-V$3) -> 0 | W52: =$T$52/$T$3*W$3*($T$3-W$3) -> 0 | X52: =$T$52/$T$3*X$3*($T$3-X$3) -> 0
S53: System Total | T53: =T52-T47-T38 -> 1.4753648e+08 | U53: =T53+U52-U47-U38 -> 1.371738e+08 | V53: =U53+V52-V47-V38 -> 1.2698383e+08 | W53: =V53+W52-W47-W38 -> 1.1696369e+08 | X53: =W53+X52-X47-X38 -> 1.0711056e+08
S54: Years to pay off network | T54: =P51/T38 -> 20
B57: Total Costs | D57: =D41+D16 -> 2792164.6 | E57: =E41 -> 991234.15 | F57: =F41 -> 991234.15 | G57: =G41 -> 991275.82 | H57: =H41 -> 991234.15 | I57: =I41 -> 1091388.2 | J57: =J41 -> 2253670.1 | K57: =K41 -> 2288882.8 | L57: =L41 -> 2286770 | ... O57: =O41 -> 2177420.9 | P57: =P41+P16 -> 2.9063808e+08 | S57: =B57 -> Total Costs | T57: =T41+T16+T47+T38+T43+T44+T45+T49 -> 4.0917966e+08 | U57: =U41+U16+U47+U38+U43+U44+U45 -> 3.4358581e+08 | V57: =V41+V16+V47+V38+V43+V44+V45 -> 3.3810326e+08 | W57: =W41+W16+W47+W38+W43+W44+W45 -> 3.3272978e+08 | X57: =X41+X16+X47+X38+X43+X44+X45 -> 3.274632e+08
B60: Total Revenues | D60: =D14 -> 57521.1 | E60: =E14 -> 57521.1 | F60: =F14 -> 257521.1 | G60: =G14 -> 157521.1 | H60: =H14 -> 14948661 | I60: =I14 -> 59322081 | J60: =J14 -> 63432124 | K60: =K14 -> 63432124 | ... P60: =P14 -> 4.3894783e+08 | S60: =S14 -> Revenues | T60: =T14 -> 4.3894783e+08 | U60: =U14 -> 4.3894783e+08 | V60: =V14 -> 4.3894783e+08 | W60: =W14 -> 4.3894783e+08 | X60: =X14 -> 4.3894783e+08
B62: PreTax Profits | D62: =D60-D57 -> -2734643.5 | E62: =E60-E57 -> -933713.05 | F62: =F60-F57 -> -733713.05 | G62: =G60-G57 -> -833754.72 | H62: =H60-H57 -> 13957427 | I62: =I60-I57 -> 58230693 | J62: =J60-J57 -> 61178453 | K62: =K60-K57 -> 61143241 | ... P62: =P60-P57 -> 1.4830975e+08 | S62: =B62 -> PreTax Profits | T62: =T60-T57 -> 29768168 | U62: =U60-U57 -> 95362016 | V62: =V60-V57 -> 1.0084457e+08 | W62: =W60-W57 -> 1.0621805e+08 | X62: =X60-X57 -> 1.1148463e+08
B63: % PreTax | D63: =IF(D62-D57>0,ROUND((D62-D57)/D62,2),0) -> 0 | E63: =IF(E62-E57>0,ROUND((E62-E57)/E62,2),0) -> 0 | F63: =IF(F62-F57>0,ROUND((F62-F57)/F62,2),0) -> 0 | G63: =IF(G62-G57>0,ROUND((G62-G57)/G62,2),0) -> 0 | H63: =IF(H62-H57>0,ROUND((H62-H57)/H62,2),0) -> 0.93 | I63: =IF(I62-I57>0,ROUND((I62-I57)/I62,2),0) -> 0.98 | J63: =IF(J62-J57>0,ROUND((J62-J57)/J62,2),0) -> 0.96 | K63: =IF(K62-K57>0,ROUND((K62-K57)/K62,2),0) -> 0.96 | ... P63: =IF(P62-P57>0,ROUND((P62-P57)/P62,2),0) -> 0 | S63: =B63 -> % PreTax | T63: =IF(T60-T57>0,ROUND((T60-T57)/T60,2),0) -> 0.07 | U63: =IF(U60-U57>0,ROUND((U60-U57)/U60,2),0) -> 0.22 | V63: =IF(V60-V57>0,ROUND((V60-V57)/V60,2),0) -> 0.23 | W63: =IF(W60-W57>0,ROUND((W60-W57)/W60,2),0) -> 0.24 | X63: =IF(X60-X57>0,ROUND((X60-X57)/X60,2),0) -> 0.25
B65: Pretax Profits | D65: =D60-D57 -> -2734643.5 | E65: =E60-E57 -> -933713.05 | F65: =F60-F57 -> -733713.05 | G65: =G60-G57 -> -833754.72 | H65: =H60-H57 -> 13957427 | I65: =I60-I57 -> 58230693 | J65: =J60-J57 -> 61178453 | K65: =K60-K57 -> 61143241 | ... P65: =P60-P57 -> 1.4830975e+08 | S65: =B65 -> Pretax Profits | T65: =T60-T57 -> 29768168 | U65: =U60-U57-U47 -> 92903075 | V65: =V60-V57-V47 -> 98558342 | W65: =W60-W57-W47 -> 1.0410166e+08 | X65: =X60-X57-X47 -> 1.0953524e+08
R66: 0.35 | S66: Tax | T66: =T65*$R$66 -> 10418859 | U66: =U65*$R$66 -> 32516076 | V66: =V65*$R$66 -> 34495420 | W66: =W65*$R$66 -> 36435580 | X66: =X65*$R$66 -> 38337332
S67: Retained Earnings | T67: =T65-T66 -> 19349309 | U67: =U65-U66 -> 60386999 | V67: =V65-V66 -> 64062922 | W67: =W65-W66 -> 67666077 | X67: =X65-X66 -> 71197903
R68: Network Fundamentals
B69: Currancy Exchange | D69: =CashFlow!D131 -> 1 | S69: Rails constructed | T69: =T3 -> 24 | U69: =U3 -> 0 | V69: =V3 -> 0 | W69: =W3 -> 0 | X69: =X3 -> 0
S70: System Costs | T70: =T52 -> 1.580748e+08 | U70: =U69*$S$85 -> 0 | V70: =V69*$S$85 -> 0 | W70: =W69*$S$85 -> 0 | X70: =X69*$S$85 -> 0
S71: System Debt Change | T71: 0 | U71: =U70+T71-U50 -> 0 | V71: =V70-V50 -> 0 | W71: =W70-W50 -> 0 | X71: =X70-X50 -> 0
S73: Trips per day per km of guideway
P74: Trips/day | Q74: =CashFlow!R59 -> 849121 | S74: ='JPods Summary'!F25 -> 27391
S75: Price per trip
S76: 0.56
S78: Operational Days
S79: 365
S81: People per mile
S82: 5.8
S84: Cost of Network per km
S85: 9000000
S87: Year for construction bonds
S88: 20

Sheet Balance
B2: ASSETS
C3: Day 0 | D3: Year 1 | E3: Year 2 | F3: Year 3 | G3: Year 4 | H3: Year 5 | K3: Year 1 | L3: Year 2 | M3: Year 3 | N3: Year 4 | O3: Year 5
B4: Current Assets | J4: ='P&L'!S14 -> Revenues | K4: ='P&L'!T14 -> 4.3894783e+08 | L4: ='P&L'!U14 -> 4.3894783e+08 | M4: ='P&L'!V14 -> 4.3894783e+08 | N4: ='P&L'!W14 -> 4.3894783e+08 | O4: ='P&L'!X14 -> 4.3894783e+08
B5: Cash | D5: =K19+$C$49 -> 25349309 | E5: =D5+L19 -> 78806147 | F5: =E5+M19 -> 1.3582665e+08 | G5: =F5+N19 -> 1.9633991e+08 | H5: =G5+O19 -> 2.6027645e+08
B6: Accounts Receivable | D6: =K4*0.15 -> 65842174 | E6: =L4*0.15 -> 65842174 | F6: =M4*0.15 -> 65842174 | G6: =N4*0.15 -> 65842174 | H6: =O4*0.15 -> 65842174 | J6: Total Costs | K6: ='P&L'!T57 -> 4.0917966e+08 | L6: ='P&L'!U57 -> 3.4358581e+08 | M6: ='P&L'!V57 -> 3.3810326e+08 | N6: ='P&L'!W57 -> 3.3272978e+08 | O6: ='P&L'!X57 -> 3.274632e+08
B7: Inventory | D7: =CashFlow!S77 -> 483177.24 | E7: =D7 -> 483177.24 | F7: =E7 -> 483177.24 | G7: =F7 -> 483177.24 | H7: =G7 -> 483177.24 | I7: simplified
B9: Deposits with Vendors | D9: =D5*0.15 -> 3802396.4 | E9: =E5*0.15 -> 11820922 | F9: =F5*0.15 -> 20373997 | G9: =G5*0.15 -> 29450986 | H9: =H5*0.15 -> 39041467
B10: Total Current Assets | D10: =D5+D6+D7+D9 -> 95477057 | E10: =E5+E6+E7+E9 -> 1.5695242e+08 | F10: =F5+F6+F7+F9 -> 2.2252599e+08 | G10: =G5+G6+G7+G9 -> 2.9211625e+08 | H10: =H5+H6+H7+H9 -> 3.6564326e+08
J13: ='P&L'!S62 -> PreTax Profits | K13: =K4-K6 -> 29768168 | L13: =L4-L6-L26-L27 -> 82241289 | M13: =M4-M6-M26-M27 -> 87723845 | N13: =N4-N6-N26-N27 -> 93097326 | O13: =O4-O6-O26-O27 -> 98363903
J14: ='P&L'!S63 -> % PreTax | K14: =ROUND(K13/K4,2) -> 0.07 | L14: =ROUND(L13/L4,2) -> 0.19 | M14: =ROUND(M13/M4,2) -> 0.2 | N14: =ROUND(N13/N4,2) -> 0.21 | O14: =ROUND(O13/O4,2) -> 0.22
B15: Property and Equipment | D15: ='P&L'!T53 -> 1.4753648e+08 | E15: ='P&L'!U53 -> 1.371738e+08 | F15: ='P&L'!V53 -> 1.2698383e+08 | G15: ='P&L'!W53 -> 1.1696369e+08 | H15: ='P&L'!X53 -> 1.0711056e+08
B16: Accumulated Depreciation | C16: 0 | D16: ='P&L'!T47 -> 2634580 | E16: =D16+'P&L'!U47 -> 5093521.3 | F16: =E16+'P&L'!V47 -> 7379751.3 | G16: =F16+'P&L'!W47 -> 9496148.4 | H16: =G16+'P&L'!X47 -> 11445543 | J16: Tax
I17: 0.28 | J17: ='P&L'!R66 -> 0.35 | K17: =K13*$J$17 -> 10418859 | L17: =L13*$J$17 -> 28784451 | M17: =M13*$J$17 -> 30703346 | N17: =N13*$J$17 -> 32584064 | O17: =O13*$J$17 -> 34427366
B18: Net Property and Equipment | D18: =D15+D16 -> 1.5017106e+08 | E18: =E15+E16 -> 1.4226732e+08 | F18: =F15+F16 -> 1.3436358e+08 | G18: =G15+G16 -> 1.2645984e+08 | H18: =H15+H16 -> 1.185561e+08
J19: Income | K19: =$K$13-K17 -> 19349309 | L19: =L13-L17 -> 53456838 | M19: =M13-M17 -> 57020499 | N19: =N13-N17 -> 60513262 | O19: =O13-O17 -> 63936537
B21: Other Assets
B22: Disappointing Customers | D22: =K26 -> 8747151.5 | E22: =D22+L26 -> 17494303 | F22: =E22+M26 -> 26241455 | G22: =F22+N26 -> 34988606 | H22: =G22+O26 -> 43735758
B23: Disappointing Employees | D23: =K27 -> 4373575.8 | E23: =D23+L27 -> 8747151.5 | F23: =E23+M27 -> 13120727 | G23: =F23+N27 -> 17494303 | H23: =G23+O27 -> 21867879
B24: Rare Events | D24: =K28 -> 17494303 | E24: =D24+L28 -> 34988606 | F24: =E24+M28 -> 52482909 | G24: =F24+N28 -> 69977212 | H24: =G24+O28 -> 87471515
B26: BalanceLine | D26: =IF(D55<D32,0,D55-D32) -> 57827700 | E26: =IF(E55<E32,0,E55-E32) -> 6075374.4 | F26: =IF(F55<F32,0,F32-F55) -> 0 | G26: =IF(G55<G32,0,G55-G32) -> 0 | H26: =IF(H55<H32,0,H55-H32) -> 0 | J26: ='P&L'!S43 -> Disappointing Customers | K26: ='P&L'!T43 -> 8747151.5 | L26: ='P&L'!U43 -> 8747151.5 | M26: ='P&L'!V43 -> 8747151.5 | N26: ='P&L'!W43 -> 8747151.5 | O26: ='P&L'!X43 -> 8747151.5
E27: May not balance as required | J27: ='P&L'!S44 -> Disappointing Employees | K27: ='P&L'!T44 -> 4373575.8 | L27: ='P&L'!U44 -> 4373575.8 | M27: ='P&L'!V44 -> 4373575.8 | N27: ='P&L'!W44 -> 4373575.8 | O27: ='P&L'!X44 -> 4373575.8
J28: Rare Events | K28: ='P&L'!T45 -> 17494303 | L28: ='P&L'!U45 -> 17494303 | M28: ='P&L'!V45 -> 17494303 | N28: ='P&L'!W45 -> 17494303 | O28: ='P&L'!X45 -> 17494303
B30: Total Other Assets
B32: Total Assets | D32: =D10+D18+SUM(D22:D24)+D26 -> 3.3409085e+08 | E32: =E10+E18+SUM(E22:E24)+E26 -> 3.6652517e+08 | F32: =F10+F18+SUM(F22:F24)+F26 -> 4.4873466e+08 | G32: =G10+G18+SUM(G22:G24)+G26 -> 5.4103621e+08 | H32: =H10+H18+SUM(H22:H24)+H26 -> 6.3727451e+08
B35: LIABILITIES AND CAPITAL
B37: Current Liabilities
B38: Accounts Payable | D38: =K6*0.2 -> 81835932 | E38: =L6*0.2 -> 68717162 | F38: =M6*0.2 -> 67620651 | G38: =N6*0.2 -> 66545955 | H38: =O6*0.2 -> 65492640
B39: Customer Deposits Received | D39: 0 | E39: 0 | F39: 0 | G39: 0 | H39: 0
B40: Long Term Debt | C40: 0.1 | D40: =System!Q57+(System!Q57*C40) -> 2.269056e+08 | E40: =D40-'P&L'!U38+'P&L'!U70 -> 2.1900186e+08 | F40: =E40-'P&L'!V38+'P&L'!V70 -> 2.1109812e+08 | G40: =F40-'P&L'!W38+'P&L'!W70 -> 2.0319438e+08 | H40: =G40-'P&L'!X38+'P&L'!X70 -> 1.9529065e+08 | J40: 100
B41: Accrued Expenses | D41: 0 | E41: 0 | F41: 0 | G41: 0 | H41: 0
J42: =3%*J40 -> 3
B43: Total Current Liabilities | D43: =D41+D40+D39+D38 -> 3.0874154e+08 | E43: =E41+E40+E39+E38 -> 2.8771903e+08 | F43: =F41+F40+F39+F38 -> 2.7871878e+08 | G43: =G41+G40+G39+G38 -> 2.6974034e+08 | H43: =H41+H40+H39+H38 -> 2.6078328e+08
B45: BalanceLine | D45: =IF(D55<D32,D32-D55,0) -> 0 | E45: =IF(E55<E32,E32-E55,0) -> 0 | F45: =IF(F55<F32,F32-F55,0) -> 0 | G45: =IF(G55<G32,G32-G55,0) -> 0 | H45: =IF(H55<H32,H32-H55,0) -> 0 | J45: =SUM(J40:J42) -> 103
B47: Capital
B48: Member's Equity | D48: 0 | E48: 0 | F48: 0 | G48: 0 | H48: 0
B49: Paid In Capital | C49: =$C$61*C60 -> 6000000 | D49: =C49 -> 6000000 | E49: =D49 -> 6000000 | F49: =E49 -> 6000000 | G49: =F49 -> 6000000 | H49: =G49 -> 6000000
B50: Retained Earnings | D50: 0 | E50: =D51 -> 19349309 | F50: =E50+E51 -> 72806147 | G50: =F50+F51 -> 1.2982665e+08 | H50: =G50+G51 -> 1.9033991e+08
B51: Net Income | D51: =K19 -> 19349309 | E51: =L19 -> 53456838 | F51: =M19 -> 57020499 | G51: =N19 -> 60513262 | H51: =O19 -> 63936537
B53: Total Capital | D53: =SUM(D48:D51) -> 25349309 | E53: =SUM(E48:E51) -> 78806147 | F53: =SUM(F48:F51) -> 1.3582665e+08 | G53: =SUM(G48:G51) -> 1.9633991e+08 | H53: =SUM(H48:H51) -> 2.6027645e+08
B55: Total Liabilities & Capital | D55: =D53+D43+D45 -> 3.3409085e+08 | E55: =E53+E43+E45 -> 3.6652517e+08 | F55: =F53+F43+F45 -> 4.1454542e+08 | G55: =G53+G43+G45 -> 4.6608025e+08 | H55: =H53+H43+H45 -> 5.2105973e+08
E56: May not balance as required
B59: Depreciation Period | C59: 60
B60: Paid in Capital | C60: 6000000
B61: Exchange Rate | C61: =CashFlow!D131 -> 1

Sheet System
K1: Enter data here
L2: Base currency | N2: $ | O2: Exchange Rate
A3: ='JPods Summary'!B4 -> Grand Junction | C3: length | D3: ='JPods Summary'!F28 -> 24 | E3: km | F3: =D3/1.6 -> 15 | G3: miles | N3: 1 | O3: =CashFlow!D131 -> 1
D4: 30 | E4: meters | F4: per span
B5: Structures | D5: Cost each | E5: Qty | L5: Structures | N5: Cost each | O5: Qty
C6: Spans | D6: =N6*$O$3 -> 35400 | E6: =O6 -> 800 | F6: =D6*E6 -> 28320000 | M6: Spans | N6: 35400 | O6: =($D$3*1000)/$D$4 -> 800 | P6: =N6*O6 -> 28320000 | Z6: Hours of Operation | AA6: 9 | AB6: 9 | AD6: 12
C7: Spans, curved | D7: =N7*$O$3 -> 41700 | E7: =O7 -> 120 | F7: =D7*E7 -> 5004000 | M7: Spans, curved | N7: 41700 | O7: =O6*0.15 -> 120 | P7: =N7*O7 -> 5004000 | Z7: Trips per hour | AD7: 240 | AE7: =AD6*AD7 -> 2880
C8: Peirs | D8: =N8*$O$3 -> 9990 | E8: =O8 -> 800 | F8: =D8*E8 -> 7992000 | M8: Peirs | N8: 9990 | O8: =($D$3*1000)/$D$4 -> 800 | P8: =N8*O8 -> 7992000 | Z8: Cost per trip | AD8: 7
C9: Footings, Peirs | D9: =$O$3*N9 -> 5471.56 | E9: =O9 -> 800 | F9: =D9*E9 -> 4377248 | M9: Footings, Peirs | N9: =Footings!H28 -> 5471.56 | O9: =O8 -> 800 | P9: =N9*O9 -> 4377248
G10: =SUM(F6:F9) -> 45693248 | Q10: =SUM(P6:P9) -> 45693248
Z11: Revenue per day | AD11: =AD6*AD7*AD8 -> 20160
Z12: Days of operation | AD12: 320
B13: Vehicles | L13: Vehicles | Z13: Revenue per day | AD13: =AD11*AD12 -> 6451200
B14: 1 | C14: Chasis | D14: =N14*$O$3 -> 12529 | E14: =O14 -> 800 | F14: =D14*E14 -> 10023200 | L14: 1 | M14: Chasis | N14: 12529 | O14: =L14*$O$6 -> 800 | P14: =N14*O14 -> 10023200
B15: 2 | C15: Bogies | D15: =N15*$O$3 -> 1121 | E15: =O15 -> 1600 | F15: =D15*E15 -> 1793600 | L15: 2 | M15: Bogies | N15: 1121 | O15: =L15*O14 -> 1600 | P15: =N15*O15 -> 1793600
B16: 0.05 | C16: Cleaning system | D16: =N16*$O$3 -> 50000 | E16: =O16 -> 40 | F16: =D16*E16 -> 2000000 | L16: 0.05 | M16: Cleaning system | N16: 50000 | O16: =L16*O14 -> 40 | P16: =N16*O16 -> 2000000
G17: =SUM(F14:F16) -> 13816800 | Q17: =SUM(P14:P16) -> 13816800 | Z17: People per station | AA17: 2
J18: $
B19: Stations | L19: Stations | M19: 1.2 | N19: per km
B20: 1 | C20: Platform | D20: =N20*$O$3 -> 330000 | E20: =O20 -> 28.8 | F20: =D20*E20 -> 9504000 | L20: 1 | M20: Platform | N20: 330000 | O20: =$D$3*$M$19*L20 -> 28.8 | P20: =N20*O20 -> 9504000
B21: 1 | C21: Stairs | D21: =N21*$O$3 -> 15000 | E21: =O21 -> 28.8 | F21: =D21*E21 -> 432000 | L21: 1 | M21: Stairs | N21: 15000 | O21: =$D$3*$M$19*L21 -> 28.8 | P21: =N21*O21 -> 432000
B22: 4 | C22: Barriers | D22: =N22*$O$3 -> 2000 | E22: =O22 -> 115.2 | F22: =D22*E22 -> 230400 | L22: 4 | M22: Barriers | N22: 2000 | O22: =$D$3*$M$19*L22 -> 115.2 | P22: =N22*O22 -> 230400
B23: 0.5 | C23: Switches | D23: =N23*$O$3 -> 3000 | E23: =O23 -> 14.4 | F23: =D23*E23 -> 43200 | L23: 0.5 | M23: Switches | N23: 3000 | O23: =$D$3*$M$19*L23 -> 14.4 | P23: =N23*O23 -> 43200 | Z23: Maintenance | AA23: 1
B24: 2 | C24: Security | D24: =N24*$O$3 -> 14000 | E24: =O24 -> 57.6 | F24: =D24*E24 -> 806400 | L24: 2 | M24: Security | N24: 14000 | O24: =$D$3*$M$19*L24 -> 57.6 | P24: =N24*O24 -> 806400 | Z24: Engineer | AA24: 1
B25: 2 | C25: Lift | D25: =N25*$O$3 -> 60000 | E25: =O25 -> 57.6 | F25: =D25*E25 -> 3456000 | L25: 2 | M25: Lift | N25: 60000 | O25: =$D$3*$M$19*L25 -> 57.6 | P25: =N25*O25 -> 3456000
G26: =SUM(F20:F25) -> 14472000 | Q26: =SUM(P20:P25) -> 14472000
B30: Controls | L30: Controls
B31: combined | C31: Computer | D31: =N31*$O$3 -> 1000 | E31: =O31 -> 5088 | F31: =D31*E31 -> 5088000 | L31: combined | M31: Computer | N31: 1000 | O31: =(O14*2)+(O15*2)+(O20*5)+(O23*2)+O24+O25 -> 5088 | P31: =N31*O31 -> 5088000
B32: 8 | C32: Sensors | D32: =N32*$O$3 -> 80 | E32: =O32 -> 40704 | F32: =D32*E32 -> 3256320 | L32: 8 | M32: Sensors | N32: 80 | O32: =O31*L32 -> 40704 | P32: =N32*O32 -> 3256320
B33: 2 | C33: Communications | D33: =N33*$O$3 -> 120 | E33: =O33 -> 10176 | F33: =E33*D33 -> 1221120 | L33: 2 | M33: Communications | N33: 120 | O33: =O31*L33 -> 10176 | P33: =O33*N33 -> 1221120
B34: 1 | C34: Software | D34: =N34*$O$3 -> 2000 | E34: =O34 -> 5088 | F34: =D34*E34 -> 10176000 | L34: 1 | M34: Software | N34: 2000 | O34: =O31 -> 5088 | P34: =N34*O34 -> 10176000
G35: =SUM(F31:F34) -> 19741440 | Q35: =SUM(P31:P34) -> 19741440
B38: Power | L38: Power
C39: Collectors | D39: =N39*$O$3 -> 4 | E39: =O39 -> 2240000 | F39: =D3*E39 -> 53760000 | K39: meters wide | L39: 4 | M39: Collectors | N39: 4 | O39: =N39*L39*1000*140 -> 2240000 | P39: =D3*O39 -> 53760000
C40: PowerRail | D40: =PowrRail!J24*O3 -> 202661.14 | E40: =O40 -> 1 | F40: =E40*D40 -> 202661.14 | M40: PowerRail | N40: =PowrRail!J24 -> 202661.14 | O40: 1 | P40: =N40*O40 -> 202661.14
G41: =SUM(F39:F40) -> 53962661 | Q41: =SUM(P39:P40) -> 53962661
B43: Engineering | L43: Engineering
C44: Station | D44: =N44*$O$3 -> 400000 | E44: 1 | F44: =E44*D44 -> 400000 | M44: Station | N44: 400000 | O44: 1 | P44: =O44*N44 -> 400000
C45: Truss | D45: =N45*$O$3 -> 400000 | E45: 1 | F45: =E45*D45 -> 400000 | M45: Truss | N45: 400000 | O45: 1 | P45: =O45*N45 -> 400000
C46: Bogie | D46: =N46*$O$3 -> 200000 | E46: 1 | F46: =E46*D46 -> 200000 | M46: Bogie | N46: 200000 | O46: 1 | P46: =O46*N46 -> 200000
C47: Placement | D47: =N47*$O$3 -> 250000 | E47: 1 | F47: =E47*D47 -> 250000 | M47: Placement | N47: 250000 | O47: 1 | P47: =O47*N47 -> 250000
C48: Geotech | M48: Geotech | N48: 100000 | O48: =D3 -> 24 | P48: =O48*N48 -> 2400000
G49: =SUM(F44:F47) -> 1250000 | Q49: =SUM(P44:P48) -> 3650000
B51: Construction | D51: =$O$3*N51 -> 1000000 | E51: =$D$3 -> 24 | G51: =D51*E51 -> 24000000 | L51: Construction | N51: 1000000 | O51: =$D$3 -> 24 | Q51: =O51*N51 -> 24000000
B53: Contingency | E53: 0.15 | G53: =O3*Q53 -> 30941673 | L53: Contingency | O53: 0.15 | Q53: =O53*Q57 -> 30941673
G56: =G10+G17+G26+G35+G41+G49+G51+G53 -> 2.0387782e+08
Q57: =Q10+Q17+Q26+Q35+Q41+Q49+Q51+Q53 -> 2.0627782e+08

Sheet Truss
A2: Data from Le Jeune Steel
B4: 38" Support Columns with HSS 14X10 beam at top (7,500 lbs) | G4: 9990 | H4: / Ea
B6: 30M Span - Straight (7300 lbs) | G6: 35400 | H6: / Ea
B8: 30M Span - Curved (7300 lbs) | G8: 41700 | H8: / Ea
B10: Lead times:
B11: Preliminary Engineering / Connection Design 4 Weeks
B13: Shop Drawings / Span 1-2 Weeks
B15: Fabrication / Span 4-6 Weeks
B17: Note, these durations are for a single span, however it would be possible to have multiple spans in production at the same time
B19: Feel free to contact me should you need anything else.
B21: Thanks
B24: Brian Blair
B25: Chief Estimator
B26: 118 W. 60th Street ? Minneapolis, MN 55419
B27: Cell 612-799-0485
B28: Main 612-861-3321 Fax 612-861-2724
... B31: Innovative-Professional-Passionate

Sheet PowrRail
A1: Vahle Conductor System | C1: http://www.vahle.de/en/index.php?option=com_content&task=view&id=73&Itemid=397
A2: Power Rails are Separated into Maximum | E2: 800 | F2: m sections
A3: Approximately | C3: 400 | D3: A | E3: center feed at middle of | G3: =E2 -> 800 | H3: m section
C4: 220 | D4: VAC | E4: single phase
A5: Total rail needed is
A6: 2 | B6: paths x | C6: 2 | D6: power rail | E6: 0.6 | F6: km path x | G6: 1000 | H6: m
D7: path | H7: km
A8: = | B8: =A6*C6*E6*G6 -> 2400 | C8: m | I8: 600 | J8: 1200
A10: Quantity | B10: Vahle Item | C10: Description | E10: Cat. No. | F10: Notes
A11: =B8/F11 -> 342.85714 | B11: L20 / 100 -7 | C11: Copperhead steel rail | E11: 100 037 | F11: 7 | G11: m lengths | I11: 354.1 | J11: =I11*A11 -> 121405.71
A12: =A11/F12 -> 114.28571 | B12: DLM 20 /100 | C12: Expansion Joint | E12: 100 190 | F12: 3 | G12: rails per expansion joint | J12: =I12*A12 -> 0
A13: =A11-A12 -> 228.57143 | B13: BLM 20 /14-100 | C13: Ridgid Joint | E13: 100 510 | J13: =I13*A13 -> 0
A14: =A11/F14 -> 171.42857 | B14: SD 20 | C14: Rail Holder | E14: 101 180 | F14: 2 | G14: m between centers | I14: 19.4 | J14: =I14*A14 -> 3325.7143
A15: =A14 -> 171.42857 | B15: D80 | C15: Insulator | E15: 101 380 | I15: 55.9 | J15: =I15*A15 -> 9582.8571
A16: 34 | B16: CU 20 / 100 | C16: Feeder Clamps | E16: 104 860 | J16: =I16*A16 -> 0
A19: 50 | B19: GSV 1 | C19: Current Collector | E19: 102 090 | F19: 2 per bogie | G19: 20 bogies | I19: 691.4 | J19: =A19*I19 -> 34570
J22: =SUM(J11:J21) -> 168884.29
I23: 0.2 | K23: uncertainty
J24: =J22+(J22*I23) -> 202661.14
A28: VAHLE INC • 1169 Brittmoore • Houston, TX 77043 • Phone 713/465-9796 • FAX 713/465-1851
A30: JPODS, Inc. | L30: Quotation # 10-0324-Q229
A31: 3575 Foxwood Ct.
A32: Murraysville, PA 15668
A34: Attn: Mr. Gordon Israelson | K34: March 24, 2010
A36: We are pleased to quote as follows:
A38: Quotation for Sample Materials, F35 Copperhead Conductor System
F39: per vahle catalog 1a Copperhead Conductor System
A41: Item | C41: Quantity | D41: Description | J41: Catalog # | K41: Unit Price | L41: Extended
A43: 1 | B43: 2 | C43: pcs | D43: F | E43: 35/50 - | F43: 7 | G43: Steel-Copperhead Rail | H43: 7 | I43: m | J43: 100047.Z1 | K43: 354.1 | L43: =SUM(B43*K43) -> 708.2
G44: Hot Galvanized
A45: 2 | B45: 8 | C45: ea | D45: SD | E45: 35 | G45: Rail Holder | J45: 101190 | K45: 18.4 | L45: =SUM(K45*B45) -> 147.2
A46: =A45+1 -> 3 | B46: 8 | C46: ea | D46: VHB | G46: Phase Insulator | J46: 101520 | K46: 55.8 | L46: =SUM(K46*B46) -> 446.4
A47: 4 | B47: 2 | C47: ea | D47: GSV | E47: 1 | G47: Phase Collector | J47: 102080 | K47: 691.4 | L47: =SUM(K47*B47) -> 1382.8
J49: Total: | L49: =SUM(L43:L48) -> 2684.6
J50: 25% System Discount: | L50: =-0.25*L49 -> -671.15
J51: Copper Surcharge: | L51: 43.61
J52: Net Total: | L52: =SUM(L49:L51) -> 2057.06
A54: Delivery: | C54: approximately 10-12 weeks
A56: Price: | C56: FOB VAHLE, Houston; valid 30 days
C57: Please note that the Copperhead Rail is a special order item and
C58: can not be returned for credit.
C60: Our Terms and Conditions of Sales are listed on our website at www.vahleinc.com or
C61: http://www.vahleinc.com/docs/ConditionsofSale2008.pdf
A63: We would very much appreciate receiving your order and remain,
A65: With best regards,
A66: VAHLE, Inc.
A67: Marvin G. Minton | L67: via email

Sheet Footings
A1: Footings estimated by Clay Armstrong | F1: $ | G1: Rupee
B2: 4.8 m * 4.8 m * .7m | D2: Currency: | F2: 1 | G2: 67
C3: • | D3: 20 yd of 3000 PSI Concrete @ $100.00/yd(Pad) | F3: =H3*$G$2 -> 134000 | H3: 2000
C4: • | D4: 4 yd of 3000 PSI Concrete @ $100.00/yd(Pier) | F4: =H4*$G$2 -> 26800 | H4: 400
C5: • | D5: 22 # 10 Rebar | F5: =H5*$G$2 -> 54007.36 | H5: 806.08
C6: • | D6: 28 #9 Rebar | F6: =H6*$G$2 -> 54028.8 | H6: 806.4
C7: • | D7: 28 #5 Rebar | F7: =H7*$G$2 -> 13994.96 | H7: 208.88
C8: • | D8: 20 #4 Rebar | F8: =H8*$G$2 -> 6914.4 | H8: 103.2
C9: • | D9: 10-25 mm anchor bolts w/nuts & washers | F9: =H9*$G$2 -> 28475 | H9: 425
C10: • | D10: Ties to join all rebar together | F10: =H10*$G$2 -> 16750 | H10: 250
C11: • | D11: Wood material and barrels to form pier | F11: =H11*$G$2 -> 10050 | H11: 150
C12: • | D12: Labor
C13: • | D13: Job Foreman @32.00/HR | F13: =H13*$G$2 -> 2144 | H13: 32
C14: • | D14: Step 1 will take 1 hour,excavate 640 cubic feet
C15: • | D15: Trackhoe w/operator @ $120.00/HR | F15: =H15*$G$2 -> 8040 | H15: 120
C16: • | D16: Clean out excavated hole-3 laborer @ $10 | F16: =H16*$G$2 -> 2010 | H16: 30
C17: • | D17: Step 2 will take 1 hour, work performed in different area
C18: • | D18: Form rebar grids-3 people @$10.00/HR | F18: =H18*$G$2 -> 2010 | H18: 30
C19: • | D19: Step 3 to start immediately after step 1, use the trackhoe to set already formed rebar in place
C20: • | D20: Form up for concrete-3laborers | E20: @$10 | F20: =H20*$G$2 -> 2010 | H20: 30
C21: • | D21: Set rebar in place
C22: • | D22: Step 4 to start after inspection
C23: • | D23: Pour and trial concrete-3 laborers@ 10/HR | F23: =H23*$G$2 -> 2010 | H23: 30
C24: • | D24: Wet set anchor bolts
C25: • | D25: Mechanical vibrator- $100.00/HR | F25: =H25*$G$2 -> 3350 | H25: 50
C26: • | D26: Strip all concrete forms
F28: =H28*$G$2 -> 366594.52 | H28: =SUM(H3:H25) -> 5471.56

Sheet Value of LMC
I1: Millions
A2: Basis of License Fee | G2: Population of US | I2: 304.059 | J2: http://www.google.com/publicdata?ds=uspopulation&met=population&tdim=true&dl=en&hl=en&q=Population+of+us
G3: Highway Miles | I3: 4871683 | J3: http://www.bts.gov/publications/national_transportation_statistics/html/table_01_37.html
I4: All types of Highway miles are included as a way of including some value from carrying freight
D5: High Density | E5: Low Desity
B6: Time traveling per day by car | D6: 60-90 min | E6: 60-90 min
B7: Travel per person (miles/yr) | C7: =I3/I2 -> 16022.163 | D7: =$C$7/2.2 -> 7282.8016 | E7: =$C$7/2.2 -> 7282.8016 | G7: Number of miles traveled
B8: Cost per mile | D8: 0.57 | E8: 0.57 | G8: Cost per mile of travel
B9: Cost/person/year | D9: =D7*D8 -> 4151.1969 | E9: =E7*E8 -> 4151.1969 | G9: What travel costs each person per year
B10: Traveler Market Share, year 5 | D10: 0.7 | E10: 0.2
B11: Traveler Usage Per Cent | D11: 0.7 | E11: 0.5
B13: Charge per passenger mile | D13: 0.25 | E13: =E8 -> 0.57
D14: =D9*D10*D13 -> 726.45946 | E14: =E9*E10 -> 830.23938 | G14: Value of 20% of annual travel costs per person
D15: =D14*D11 -> 508.52162 | E15: =E14*E11 -> 415.11969 | G15: Value if 50% of their travel is by JPods
B16: Profits | C16: 0.2 | D16: =D15*C16 -> 101.70432 | E16: =E15*C16 -> 83.023938 | G16: Profit to LMC when profits are 20% of LMC Costs
B18: Price Earnings Ratio | C18: 4 | D18: =D16*C18 -> 406.8173 | E18: =E16*C18 -> 332.09575 | G18: P/E per person of the value of LMC
A21: License Fee at Commitment | B21: Number of people | C21: 100000 | G21: Number of people in an LMC
B22: Due at license agreement | C22: 0.001 | D22: =D18*C21*C22 -> 40681.73 | E22: =C22*C21*E18 -> 33209.575 | G22: Signing fee for LMC, .04% of future value
B23: First 5 get an equal value of JPods stock
D26: =D16 -> 101.70432 | E26: =E16 -> 83.023938 | G26: Profits per person in an LMC
A27: Deferred License Fee, Due when annual revenues reach $10 per capita in LMC | D27: =D18 -> 406.8173 | E27: =E18 -> 332.09575 | G27: P/E per person of the value of LMC
A28: Value of a developed LMC at a 4 PE | D28: =C21*D27 -> 40681730 | E28: =E18*C21 -> 33209575 | G28: Value of LMC
A29: Price of LMC with a Leadership Discount based on signing group | C29: Development Discount | G29: Discount based on early leadership forming LMC | K29: Discount based on early payment for LMC
A30: 1 | B30: 10 | C30: 0.96 | D30: =$D$27*(1-C30)*$C$21 -> 1627269.2 | E30: =$E$27*(1-C30)*$C$21 -> 1328383 | G30: License Cost for first 10 LMC's, Discounted 99%
A31: =B30+1 -> 11 | B31: 30 | C31: 0.94 | D31: =$D$27*(1-C31)*$C$21 -> 2440903.8 | E31: =$E$27*(1-C31)*$C$21 -> 1992574.5 | G31: License Cost for 11-30 LMC's, Discounted 97% | K31: or w/in 16 weeks
A32: =B31+1 -> 31 | B32: 50 | C32: 0.9 | D32: =$D$27*(1-C32)*$C$21 -> 4068173 | E32: =$E$27*(1-C32)*$C$21 -> 3320957.5 | G32: License Cost for 31-50 LMC's, Discounted 94% | K32: or w/in 26 weeks
A33: =B32+1 -> 51 | B33: and above | C33: 0.85 | D33: =$D$27*(1-C33)*$C$21 -> 6102259.4 | E33: =$E$27*(1-C33)*$C$21 -> 4981436.3 | G33: License Cost for 51-70 LMC's, Discounted 90%
A37: "J" Prize, Bonus for Leadership
A38: First 5 LMCs | B38: Build 5 miles of rail per 100k people in LMC | F38: 10000000 | H38: Between 2002 and 2006 gas prices increaced from
H39: $1.45 per gallon to $2.92, reducing disposable income
H40: by about $2,000 per family
A41: Other required products | H41: Economic loss to the community indicated in table to left
B42: 50 meter demonstration | F42: 120000
B43: Compliance fees | C43: 0.01 | D43: of revenues | E43: =$E$15*C43 -> 4.1511969
B45: Economic Loss JPods can Recover per Year
F46: JPods can
A47: Comparison Value based on gas changing in price from $1.45 to $2.92 | F47: Recover
F48: per year
A49: Metropolitan Area | B49: Miles per driver per year | C49: Cost of gas for average two-car family at $2.92 per gallon
A50: One Driver | B50: Miles/driver/year | C50: Gas/2 car family | D50: per car | E50: per family | F50: Economic Loss
A51: Atlanta, GA | B51: 14848 | C51: 4272 | D51: 1075 | E51: 2150 | F51: 3149275862
A52: Austin--San Marcos, TX | B52: 10531 | C52: 3030 | D52: 763 | E52: 1525 | F52: 686337931
A53: Boston--Worcester--Lawrence, MA--NH--ME--CT | B53: 10153 | C53: 2921 | D53: 735 | E53: 1470 | F53: 3026751724
A54: Buffalo--Niagara Falls, NY | B54: 9738 | C54: 2802 | D54: 705 | E54: 1410 | F54: 531010345
A55: Charlotte--Gastonia--Rock Hill, NC--SC | B55: 15204 | C55: 4374 | D55: 1101 | E55: 2202 | F55: 1077879310
A56: Chicago--Gary--Kenosha, IL--IN--WI | B56: 10853 | C56: 3122 | D56: 786 | E56: 1572 | F56: 4082037931
A57: Cincinnati--Hamilton, OH--KY--IN | B57: 11058 | C57: 3181 | D57: 801 | E57: 1602 | F57: 1159489655
A58: Cleveland--Akron, OH | B58: 10556 | C58: 3037 | D58: 764 | E58: 1529 | F58: 1589917241
A59: Columbus, OH | B59: 12351 | C59: 3553 | D59: 894 | E59: 1789 | F59: 931024138
A60: Dallas--Fort Worth, TX | B60: 15665 | C60: 4507 | D60: 1134 | E60: 2269 | F60: 4023600000
A61: Denver--Boulder--Greeley, CO | B61: 14278 | C61: 4108 | D61: 1034 | E61: 2068 | F61: 1986165517
A62: Detroit--Ann Arbor--Flint, MI | B62: 10900 | C62: 3136 | D62: 789 | E62: 1579 | F62: 2879389655
... A66: Honolulu, HI | B66: 7051 | C66: 2028 | D66: 511 | E66: 1021 | F66: 292551724
A67: Houston--Galveston--Brazoria, TX | B67: 12049 | C67: 3466 | D67: 873 | E67: 1745 | F67: 2865341379 | H67: As JPods deploys networks in greater density, we
A68: Indianapolis, IN | B68: 10435 | C68: 3002 | D68: 756 | E68: 1511 | F68: 896193103 | H68: can dramatically increase disposable income and
A69: Jacksonville, FL | B69: 13905 | C69: 4000 | D69: 1007 | E69: 2014 | F69: 952531034 | H69: profits.
A70: Kansas City, MO--KS | B70: 11857 | C70: 3411 | D70: 859 | E70: 1717 | F70: 1179693103
A71: Las Vegas, NV--AZ | B71: 8111 | C71: 2333 | D71: 587 | E71: 1175 | F71: 641948276
A72: Los Angeles--Riverside--Orange County, CA | B72: 11532 | C72: 3317 | D72: 835 | E72: 1670 | F72: 8197675862
A73: Louisville, KY--IN | B73: 11583 | C73: 3332 | D73: 839 | E73: 1677 | F73: 532603448
A74: Memphis, TN--AR--MS | B74: 14605 | C74: 4202 | D74: 1058 | E74: 2115 | F74: 779462069
A75: Miami--Fort Lauderdale, FL | B75: 9308 | C75: 2678 | D75: 674 | E75: 1348 | F75: 1570510345
A76: Milwaukee--Racine, WI | B76: 12315 | C76: 3543 | D76: 892 | E76: 1784 | F76: 960424138
A77: Minneapolis--St. Paul, MN--WI | B77: 12152 | C77: 3496 | D77: 880 | E77: 1760 | F77: 2147213793
A78: Nashville, TN | B78: 16473 | C78: 4739 | D78: 1193 | E78: 2386 | F78: 1102210345
A79: New Orleans, LA | B79: 10439 | C79: 3003 | D79: 756 | E79: 1512 | F79: 715882759
A80: New York--Northern New Jersey--Long Island,NY--NJ--CT--PA | B80: 8499 | C80: 2445 | D80: 615 | E80: 1231 | F80: 7314227586
A81: Norfolk--Virginia Beach--Newport News, VA--NC | B81: 10086 | C81: 2902 | D81: 730 | E81: 1461 | F81: 980917241
... A100: West Palm Beach--Boca Raton, FL | B100: 8014 | C100: 2306 | D100: 580 | E100: 1161 | F100: 366196552
